 Dungeon Crawl Stone Soup version 0.31.0-9-g3a7656b989 (webtiles) character file.

Game seed: 764177205550239630

36503639 EnegeticOcto the Shapeless Spriggan (level 27, 202/202 HPs)
             Began as a Spriggan Enchanter on Feb 2, 2024.
             Was the Champion of Jiyva.
             Escaped with the Orb
             ... and 15 runes
             ... and 11 gems (all intact)!
             The game lasted 05:18:04 (41433 turns).

EnegeticOcto the Shapeless Spriggan (SpEn)         Turns: 41433, Time: 05:18:05

Health: 202/202    AC:  6    Str: 10    XL:     27
Magic:  54/54      EV: 68    Int: 18    God:    Jiyva [******]
Gold:   2816       SH:  8    Dex: 34    Spells: 3/79 levels left

rFire   + + +        b - +9 quick blade (freeze)
rCold   + . .        L - orb {guile}
rNeg    + + +        s - +0 troll leather armour of Wisdom {rElec Regen+ Dex+5}
rPois   ∞            F - +2 hat
rElec   +            O - +1 cloak of Starlight {*Dazzle EV+4 Stlth--}
rCorr   +            (gloves unavailable)
SInv    +            (boots unavailable)
Will    ++++.        y - brooch of Shielding {Spirit SH+8}
Stlth   +++          n - ring of the Commoners {rPois rF+++ rCorr Slay-2}
HPRegen 2.93/turn    T - ring of Orar {rElec EV+5 Dex+5 Stlth+}
MPRegen 1.14/turn

%: resist mutation, guardian spirit
@: death-form, studying 3 skills, very quick
A: vile attack, torment immunity, no potions, very small, no large weapons,
unfitting armour, see invisible, speed 3, antennae 2, strong-willed 1, mutation
resistance 3, robust 3, electricity resistance, strong 1, eyeballs 2, gelatinous
body 1, pseudopods 1, jelly sensing items, jelly absorbing missiles
0: Orb of Zot
}: 15/15 runes: serpentine, barnacled, slimy, silver, golden, iron, obsidian,
icy, bone, abyssal, demonic, glowing, magical, fiery, dark
a: Siphon Essence, Begin Untransformation, Renounce Religion, Oozemancy, Slimify


You escaped.
You worshipped Jiyva.
Jiyva was exalted by your worship.
You were an undying horror.
You visited 18 branches of the dungeon, and saw 86 of its levels.
You visited Pandemonium 1 time, and saw 23 of its levels.
You visited the Abyss 2 times.
You visited 1 ziggurat, and saw 22 of its levels.
You also visited: Gauntlet, Ice Cave and Wizlab.

You collected 7010 gold pieces.
You spent 4194 gold pieces at shops.

Inventory:

Hand Weapons
 a - the +7 Spriggan's Knife {stab, EV+4 Stlth+}
   (You acquired it on level 21 of a ziggurat)

   Stab:      It is more effective when stabbing unaware enemies, sometimes
   treating them as though they were completely helpless.
   EV+4:      It affects your evasion (+4).
   Stlth+:    It makes you more stealthy.
 b - a +9 quick blade of freezing (weapon)
   (You acquired it on level 14 of the Dungeon)
 e - the +13 sceptre of Asmodeus
   (You took it off Asmodeus on level 7 of Gehenna)

   Fire Summon: It may summon demons of flame and damnation when striking foes.
 z - a +2 rapier of distortion
   (You took it off a spriggan on level 5 of the Lair of Beasts)
 J - the +8 whip "Wisch" {freeze, +Blink rPois rF- rCorr Str+6}
   (You found it on level 9 of the Dungeon)

   Str+6:     It affects your strength (+6).
   rF-:       It makes you vulnerable to fire.
   rPois:     It protects you from poison +Blink: It lets you blink.
   rCorr:     It protects you from acid and corrosion.
 W - the +6 sword of Cerebov {flame}
   (You took it off Cerebov in Pandemonium)
 Z - a +2 rapier of distortion
   (You took it off a spriggan on level 5 of the Lair of Beasts)
Missiles
 m - 4 curare-tipped darts
 q - a throwing net (quivered) {!f}
Armour
 s - the +0 troll leather armour of Wisdom (worn) {rElec Regen+ Dex+5}
   (You bought it in a shop on level 3 of the Vaults)

   Dex+5:     It affects your dexterity (+5).
   rElec:     It insulates you from electricity.
   Regen+:    It increases your rate of health regeneration.
 F - a +2 hat (worn)
   (You found it on level 2 of the Snake Pit)
 H - the -2 hat of the Alchemist {rElec rPois rF+ rC+ rN+ Will+ rMut rCorr}
   (You found it on level 7 of Cocytus)

   rF+:       It protects you from fire.
   rC+:       It protects you from cold.
   rElec:     It insulates you from electricity.
   rPois:     It protects you from poison rN+: It protects you from negative
   energy.
   Will+:     It increases your willpower.
   rCorr:     It protects you from acid and corrosion.
   rMut:      It protects you from mutation.
 L - an orb of guile (worn)
   (You took it off Jeremiah on level 1 of the Lair of Beasts)
 O - the +1 cloak of Starlight (worn) {*Dazzle EV+4 Stlth--}
   (You bought it in a shop on level 10 of the Dungeon)

   *Dazzle:   It may blind those who miss an attack against the wearer in melee
   combat.
   EV+4:      It affects your evasion (+4).
   Stlth--:   It makes you much less stealthy.
 Y - the orb of Dispater {+Damnation *Corrode AC+5}
   (You took it off Dispater on level 7 of the Iron City of Dis)

   +Damnation: It grants the ability to hurl damnation at the cost of health and
   magic, with strength depending on Evocations skill.
   AC+5:      It affects your AC (+5).
   *Corrode:  It may corrode you when you take damage.
Jewellery
 d - the ring "Juf Giqi" {Ice rPois MP+9 SInv Stlth-}
   (You took it off Josephina on level 3 of the Crypt)

   [ring of ice]

   Ice:       It enhances your ice magic.
   rF-:       It makes you vulnerable to fire.
   rC+:       It protects you from cold.
   rPois:     It protects you from poison MP+9: It affects your magic capacity
   (+9).
   SInv:      It lets you see invisible.
   Stlth-:    It makes you less stealthy.
 n - the ring of the Commoners (left hand) {rPois rF+++ rCorr Slay-2}
   (You found it on level 5 of the Pits of Slime)

   [ring of resist corrosion]

   Slay-2:    It affects your accuracy & damage with ranged weapons and melee
   (-2).
   rF+++:     It renders you almost immune to fire.
   rPois:     It protects you from poison rCorr: It protects you from acid and
   corrosion.
 y - the brooch of Shielding (around neck) {Spirit SH+8}
   (You found it on level 7 of the Iron City of Dis)

   [amulet of guardian spirit]

   Spirit:    It causes incoming damage to be divided between your reserves of
   health and magic.
   SH+8:      It affects your SH (+8).
 Q - the ring of the Tortoise {AC+8}
   (You found it on level 7 of Gehenna)

   [ring of protection]

   AC+8:      It affects your AC (+8).
 R - the ring of Beauty {Fly Will++ Int+4 Dex-2}
   (You found it on level 19 of a ziggurat)

   [ring of flight]

   Int+4:     It affects your intelligence (+4).
   Dex-2:     It affects your dexterity (-2).
   Will++:    It greatly increases your willpower.
   Fly:       It grants you flight.
 T - the ring of Orar (right hand) {rElec EV+5 Dex+5 Stlth+}
   (You found it in a Gauntlet)

   [ring of evasion]

   EV+5:      It affects your evasion (+5).
   Dex+5:     It affects your dexterity (+5).
   rElec:     It insulates you from electricity.
   Stlth+:    It makes you more stealthy.
Talismans
 P - a talisman of death (active)
   (You found it on level 5 of the Lair of Beasts)
Wands
 C - a wand of digging (31) {@v3}
   (You found it on level 7 of the Dungeon)
 G - a wand of roots (61) {@v2}
   (You found it in a Gauntlet)
 I - a wand of acid (46) {@v1}
   (You found it on level 1 of the Orcish Mines)
 V - a wand of charming (32)
   (You found it on level 4 of the Lair of Beasts)
Scrolls
 h - 4 scrolls of butterflies {!r}
 p - 8 scrolls of silence {!r}
 u - 33 scrolls of teleportation {@r3 !r}
 v - 7 scrolls of poison {!r}
 x - 13 scrolls of blinking {@r4}
 A - a scroll of revelation {@r5 !r}
 D - 5 scrolls of vulnerability
 E - 4 scrolls of fear {!r}
 K - 16 scrolls of fog {!r}
 X - 3 scrolls of immolation
Potions
 c - 4 potions of invisibility
 f - 6 potions of enlightenment
 g - 7 potions of heal wounds {@q2 !q}
 i - 11 potions of ambrosia
 j - 22 potions of curing {@q1 !q}
 l - a potion of haste {@q4 !q}
 o - 7 potions of attraction
 t - 7 potions of lignification {@q6}
 w - 3 potions of brilliance
 S - 11 potions of mutation
Miscellaneous
 k - a figurine of a ziggurat
 r - a phial of floods
   (You found it in a Gauntlet)
 B - a condenser vane
   (You found it on level 14 of the Dungeon)
 M - a lightning rod (4/4)
   (You found it on level 2 of the Lair of Beasts)
 N - a sack of spiders
   (You found it on level 2 of the Lair of Beasts)
 U - the horn of Geryon
   (You took it off Geryon in the Vestibule of Hell)


   Skills:
 - Level 20.0 Fighting
 - Level 14.0 Short Blades
 - Level 26.9 Dodging
 O Level 27 Stealth
 - Level 2.1 Shields
 - Level 26.9 Spellcasting
 - Level 6.0 Conjurations
 - Level 22.0 Hexes
 + Level 23.0 Summonings
 - Level 10.0 Translocations
 - Level 5.7 Ice Magic
 - Level 6.0 Earth Magic
 - Level 10.0 Evocations
 O Level 27 Shapeshifting


You had 3 spell levels left.
You knew the following spells:

 Your Spells              Type           Power      Damage    Failure   Level
a - Ensorcelled Hibernat  Hex/Ice        100%       N/A       0%          2
b - Confusing Touch       Hex            80%        N/A       0%          3
c - Apportation           Tloc           100%       N/A       1%          1
d - Enfeeble              Hex            40%        N/A       1%          7
e - Tukima's Dance        Hex            80%        N/A       0%          3
f - Dispersal             Tloc           28%        N/A       4%          6
g - Yara's Violent Unrav  Hex/Alch       29%        3d12      1%          5
h - Ozocubu's Armour      Ice            44%        N/A       1%          3
i - Discord               Hex            40%        N/A       1%          8
j - Summon Horrible Thin  Summ           41%        N/A       1%          8
k - Malign Gateway        Summ/Tloc      35%        N/A       1%          7
l - Vhi's Electric Charg  Tloc/Air       84%        N/A       2%          4
m - Irradiate             Conj/Alch      17%        3d17      16%         5
n - Lee's Rapid Deconstr  Erth           22%        3d13*     4%          5
p - Passwall              Erth           45%        N/A       1%          3
z - Passage of Golubria   Tloc           57%        N/A       1%          4
Y - Blink                 Tloc           100%       N/A       1%          2

Your spell library contained the following spells:

 Spells                   Type           Power      Damage    Failure   Level
 Slow                     Hex            100%       N/A       0%          1
 Summon Small Mammal      Summ           100%       N/A       0%          1
 Call Imp                 Summ           100%       N/A       0%          2
 Jinxbite                 Hex            100%       N/A       0%          2
 Sigil of Binding         Hex            80%        N/A       0%          3
 Foxfire                  Conj/Fire      100%       2x1d9     1%          1
 Magic Dart               Conj           100%       1d8       1%          1
 Necrotise                Necr           96%        1d8       1%          1
 Sandblast                Erth           90%        2d19      1%          1
 Sting                    Conj/Alch      100%       1d9       1%          1
 Lesser Beckoning         Tloc           100%       N/A       1%          2
 Momentum Strike          Conj/Tloc      100%       3d10      1%          2
 Searing Ray              Conj           90%        2d7       1%          2
 Static Discharge         Conj/Air       70%        3-6/arc   1%          2
 Dazzling Flash           Conj/Hex       100%       N/A       1%          3
 Gell's Gravitas          Tloc           57%        N/A       1%          3
 Inner Flame              Hex/Fire       59%        N/A       1%          3
 Stone Arrow              Conj/Erth      90%        3d12      1%          3
 Teleport Other           Tloc           57%        N/A       1%          3
 Volatile Blastmotes      Fire/Tloc      84%        2d17      1%          3
 Mephitic Cloud           Conj/Alch/Air  31%        N/A       2%          3
 Mercury Vapours          Alch/Air       48%        N/A       3%          2
 Sublimation of Blood     Necr           24%        N/A       3%          2
 Fugue of the Fallen      Necr           24%        N/A       6%          3
 Vampiric Draining        Necr           24%        2d7       6%          3
 Cause Fear               Hex            40%        N/A       0%          4
 Summon Mana Viper        Hex/Summ       81%        N/A       0%          5
 Anguish                  Hex/Necr       29%        N/A       1%          4
 Animate Armour           Summ/Erth      100%       N/A       1%          4
 Brom's Barrelling Bould  Conj/Erth      45%        2d6       1%          4
 Manifold Assault         Tloc           57%        N/A       1%          4
 Martyr's Knell           Necr/Summ      60%        N/A       1%          4
 Summon Blazeheart Golem  Fire/Summ      60%        N/A       1%          4
 Metabolic Englaciation   Hex/Ice        32%        N/A       1%          5
 Silence                  Hex/Air        29%        N/A       1%          5
 Summon Forest            Summ/Tloc      35%        N/A       1%          5
 Summon Cactus Giant      Summ           41%        N/A       1%          6
 Summon Hydra             Summ           41%        N/A       1%          7
 Iskenderun's Battlesphe  Conj           45%        2d10      4%          5
 Spellforged Servitor     Conj/Summ      33%        N/A       4%          7
 Flame Wave               Conj/Fire      35%        2d10      5%          4
 Leda's Liquefaction      Alch/Erth      17%        N/A       5%          4
 Petrify                  Alch/Erth      35%        N/A       5%          4
 Haunt                    Necr/Summ      30%        N/A       14%         7
 Borgnjor's Vile Clutch   Necr/Erth      17%        N/A       16%         5
 Fireball                 Conj/Fire      17%        3d9       16%         5
 Dragon's Call            Summ           41%        N/A       16%         9
 Animate Dead             Necr           24%        N/A       19%         4
 Ignite Poison            Fire/Alch      24%        N/A       19%         4
 Olgreb's Toxic Radiance  Alch           24%        N/A       19%         4
 Sticky Flame             Fire/Alch      24%        2d6       19%         4
 Bombard                  Conj/Erth      22%        9d4       26%         6
 Alistair's Intoxication  Alch           16%        N/A       47%         5
 Curse of Agony           Necr           24%        N/A       47%         5
 Conjure Ball Lightning   Conj/Air       17%        3x3d6     65%         6
 Sculpt Simulacrum        Ice/Alch       17%        N/A       65%         6
 Starburst                Conj/Fire      17%        6d6       65%         6
 Orb of Destruction       Conj           22%        9d8       80%         7
 Ozocubu's Refrigeration  Ice            22%        4d12      83%         7
 Disjunction              Tloc           28%        N/A       91%         8
 Death Channel            Necr           12%        N/A       96%         6
 Eringya's Noxious Bog    Alch           12%        4d6       96%         6
 Plasma Beam              Fire/Air       12%        2x1d23    96%         6
 Ignition                 Fire           12%        3d6       100%        8
 Infestation              Necr           12%        N/A       100%        8
 Lehudib's Crystal Spear  Conj/Erth      22%        10d6      100%        8
 Maxwell's Capacitive Co  Air            12%        ∞         100%        8
 Chain Lightning          Conj/Air       17%        3d23      100%        9
 Shatter                  Erth           22%        3d20*     100%        9


Dungeon Overview and Level Annotations

Branches:
Dungeon (15/15)            Temple (1/1) D:7            Lair (5/5) D:9
 Shoals (4/4) Lair:2        Snake (4/4) Lair:2        Slime (5/5) Lair:4
    Orc (2/2) D:10            Elf (3/3) Orc:2        Vaults (5/5) D:14
  Crypt (3/3) Vaults:3       Tomb (3/3) Crypt:3      Depths (4/4) D:15
   Hell (visited)             Dis (7/7) Hell            Geh (7/7) Hell
    Coc (7/7) Hell            Tar (7/7) Hell            Zot (5/5) Depths:4
  IceCv (visited)          WizLab (visited)         Gauntlet (visited)

Altars:
Ashenzari
Cheibriados
Dithmenos
Elyvilon
Fedhas
Gozag
Hepliaklqana
Kikubaaqudgha
Makhleb
Nemelex Xobeh
Okawaru
Qazlal
Ru
Sif Muna
Trog
Uskayaw
Vehumet
Wu Jian
Xom
Yredelemnul
Zin
The Shining One
Jiyva
Lugonu

Shops:
D:1 [   D:2 ?   D:5 (   D:6 ?   D:10 [   D:14 ?:(   Orc:2 =:[[   Elf:2 ?
Elf:3 ?   Shoals:4 *   Snake:1 (   Snake:2 (   Vaults:1 ?   Vaults:3 [
Vaults:4 (   Depths:4 [

Portals:
Hell: Depths:1 Depths:2
Abyss: Lair:5 Depths:3
Pandemonium: Depths:2

Annotations:
D:11 5 transporters
Temple 4 transporters
Lair:2 1 exclusion
Shoals:2 qdestroyer's ghost, journeyman MiFi
Shoals:3 Inglan's ghost, adept GrEE
Slime:5 Royal Jelly
Vaults:2 Bai Suzhen
Tomb:3 1 exclusion
Depths:3 1 transporter
Hell exclusion: 2 orange crystal statues


Innate Abilities, Weirdness & Mutations

You are an undying horror.
Your melee and unarmed attacks drain, slow and weaken victims.
You are immune to unholy pain and torment.
You cannot drink.
You are immune to poison.
You are very small and have problems with some larger weapons.
You are too small for most types of armour.
You have supernaturally acute eyesight. (SInv)
You cover ground extremely quickly. (Speed+++)
You have a pair of antennae on your head.
You are strong-willed. (Will+)
You are almost entirely resistant to further mutation and mutation removal.
You are extremely robust. (+30% HP)
You are resistant to electric shocks. (rElec)
Your muscles are strong. (Str +4, Int/Dex -1)
Your body has grown many eyes which may confuse attackers. (Acc +5)
Your rubbery body absorbs attacks. (AC +1, EV +1)
Armour fits poorly on your pseudopods.
You have a small jelly attached to you that senses nearby items.
You have a small jelly attached to you that may absorb projectiles.


Message History

Your hands begin to glow red.
You hit the shadow demon but do no damage.
The shadow demon appears confused.
You bludgeon the shadow demon, but do no damage.
You puncture the shadow demon!
The shadow demon decays.
You bludgeon the shadow demon, but do no damage.
The shadow demon is moderately wounded.
You hit the shadow demon.
The shadow demon decays.
You catch the helpless shadow demon completely off-guard!
You perforate the shadow demon like a sieve!!!
You freeze the shadow demon.
You kill the shadow demon!
Search for what [Enter for "nd we", or ? for help]? jiy Unknown command.
Unknown command.
(D) Dungeon (T) Temple (L) Lair (A) Shoals (P) Snake Pit (M) Slime Pits (O) Orcish Mines (E) Elven Halls (V) Vaults (C) Crypt (W) Tomb (U) Depths (H) Hell (I) Dis (G) Gehenna (X) Cocytus (Y) Tartarus (Z) Zot
Where to? (Tab/Enter - D:1 @ (x,y), ? - help)
There is a stone staircase leading up here.
You climb upwards.
There is a stone staircase leading down here.
There is an open door here.
There is a stone staircase leading up here.
You climb upwards.
There is a stone staircase leading down here.
There is a stone staircase leading up here.
You climb upwards.
There is a stone staircase leading down here.
There is a stone staircase leading up here.
You climb upwards.
There is a stone staircase leading down here.
There is a stone staircase leading up here.
You climb upwards.
There is a stone staircase leading down, spattered with blood here.
Things that are here:
a +0 dagger; a +0 sling 3 hellwings and a smoke demon come into view.
The hellwing gives a chilling moan. x2; The smoke demon roars!
The hellwing swoops through the air toward you!
The hellwing completely misses you.
The hellwing hits you but does no damage.
A hellwing comes into view.
You hit the hellwing.
The hellwing decays.
You freeze the hellwing. You hit the hellwing but do no damage.
Your bludgeon misses the hellwing.
The hellwing is lightly wounded.
The smoke demon completely misses you. x3
The hellwing completely misses you.
The hellwing is temporarily struck blind!
The hellwing completely misses you.
A sixfirhy comes into view.
There is a stone staircase leading up here.
You climb upwards.
There is a stone staircase leading down here.
(D) Dungeon (T) Temple (L) Lair (A) Shoals (P) Snake Pit (M) Slime Pits (O) Orcish Mines (E) Elven Halls (V) Vaults (C) Crypt (W) Tomb (U) Depths (H) Hell (I) Dis (G) Gehenna (X) Cocytus (Y) Tartarus (Z) Zot
Where to? (Tab/Enter - D:1 @ (x,y), ? - help)
A Brimstone Fiend comes into view.
There is a stone staircase leading up here.
You climb upwards.
There is a stone staircase leading down here.
(D) Dungeon (T) Temple (L) Lair (A) Shoals (P) Snake Pit (M) Slime Pits (O) Orcish Mines (E) Elven Halls (V) Vaults (C) Crypt (W) Tomb (U) Depths (H) Hell (I) Dis (G) Gehenna (X) Cocytus (Y) Tartarus (Z) Zot
Where to? (Tab/Enter - D:1 @ (x,y), ? - help)
A sixfirhy comes into view.
The sixfirhy completely misses you. x2
The sixfirhy misses you. The sixfirhy completely misses you.
The sixfirhy completely misses you. x2
The sixfirhy completely misses you. The sixfirhy completely misses you.
The sixfirhy completely misses you.
The sixfirhy's vision is obscured by starry radiance!
The sixfirhy completely misses you.
The sixfirhy is temporarily struck blind!
Casting: Confusing Touch (safe; 0% risk of failure)
Confirm with . or Enter, or press ? or * to list all spells.
Aiming: Passwall (safe; 1% risk of failure)
Press: ? - help, Dir - move target A rock wall.
This square is covered in magical glow.
You begin to meditate on the wall.
You continue meditating on the rock. x2
Magic restored.
The sixfirhy barely misses you. The sixfirhy completely misses you. x2
You finish merging with the rock.
You climb upwards.
There is a stone staircase leading down here.
A kobold comes into view. It is wielding a +0 whip.
The kobold shouts!
You puncture the kobold! You freeze the kobold.
You kill the kobold!
There is a staircase leading out of the dungeon here.
You have escaped!

...#.......# #........#
...#....#..# #..####..#
...#....#..# #..# #..#
...#....#..# ##..####..#
......#.#..# #.....##..#
........#..# #.........#
........#..# #.........#
........#..###..)......#
###...#.#.......z..##..#
#...#.#..........##..#
###...#.#..####.#####..#
......#.#..# #.# #..#
......#.#..# #.# #..#
......#.#..# #.# #..#
......'.#..####.#####..#
......###..............#
......###..............#


There were no monsters in sight!

Vanquished Creatures
  Cerebov (Pan)
  Antaeus (Coc:7)
  Asmodeus (Geh:7)
  Mnoleg (Pan)
  the Serpent of Hell (Geh:7)
  Ereshkigal (Tar:7)
  Gloorx Vloq (Pan)
  Lom Lobon (Pan)
  Khufu (Crypt:1)
  Frederick (Crypt:3)
  3 dread liches
  Dispater (Dis:7)
  3 ancient liches
  A juggernaut (Dis:7)
  Xtahua (Vaults:2)
  3 royal mummies
  Josephina (Crypt:3)
  Vv (Depths:4)
  3 shard shrikes
  Parghit (Depths:4)
  Saint Roka (Depths:2)
  Geryon (Hell)
  10 caustic shrikes
  Vashnia (Snake:3)
  3 pandemonium lords
  Nikola (Depths:2)
  3 golden dragons
  the Enchantress (Depths:2)
  4 profane servitors
  16 bone dragons
  10 Brimstone Fiends
  3 doom hounds
  10 iron giants
  9 hellephants
  2 Tzitzimimeh
  A spectral shard shrike (Tar:4)
  A tainted leviathan (Tar:3)
  7 Hell Sentinels (Dis:7)
  6 tentacled monstrosities
  9 Ice Fiends
  6 liches
  9 titans
  7 deep elf blademasters
  An Orb Guardian (Zot:5)
  Asterion (Elf:1)
  5 quicksilver dragons
  5 sphinxes
  18 searing wretches
  4 deep elf master archers
  An eldritch tentacle (Zig:22)
  Polyphemus (Shoals:2)
  2 tentacled starspawn
  5 Executioners (Pan)
  A thorn hunter (Abyss:3)
  12 ancient champions
  12 starcursed masses
  3 tengu reavers
  9 shadow dragons
  Donald (Snake:3)
  Agnes (Elf:1)
  Aizul (Snake:2)
  3 storm dragons
  3 revenants
  8 nagarajas
  2 protean progenitors (Pan)
  A fenstrider witch (Pan)
  15 fire giants
  9 narguns
  3 daevas
  A draconian monk (Zot:4)
  2 draconian knights
  A quicksilver elemental (Dis:7)
  5 deep elf sorcerers
  3 demonspawn warmongers (Pan)
  8 frost giants
  A juggernaut zombie (Zig:12)
  22 balrugs
  A ghost moth (Zig:19)
  6 vault wardens
  A draconian scorcher (Depths:4)
  An emperor scorpion (Zig:5)
  5 deep elf elementalists
  The ghost of Kass the Warrior, a journeyman MiBe of Trog (Orc:2)
  Louise (Snake:4)
  A spectral juggernaut (Tar:3)
  7 curse skulls
  The ghost of Peloso the Fencer, a journeyman MiFi of Okawaru (Orc:1)
  10 reapers
  An angel (Depths:3)
  2 spriggan defenders (Depths:2)
  A draconian stormcaller (Zig:4)
  13 ironbound preservers
  A draconian annihilator (Pan)
  6 very ugly things
  9 cacodemons (Pan)
  A juggernaut skeleton (Pan)
  8 stone giants
  3 ghouls
  2 demonspawn blood saints (Pan)
  2 green draconians
  7 deep elf death magi
  3 vampire knights
  A caustic shrike skeleton (Pan)
  5 ironbound thunderhulks
  2 deep elf demonologists
  4 elemental wellsprings (Coc:7)
  2 bennus (Tomb:3)
  2 putrid mouths
  5 white draconians
  6 deep elf annihilators
  2 red draconians
  5 dire elephants
  A minotaur (Gauntlet)
  A bunyip (Zig:18)
  4 wendigos
  2 black draconians
  15 war gargoyles
  3 purple draconians
  7 ettins
  3 blizzard demons (Pan)
  4 green deaths (Pan)
  Snorg (Orc:2)
  5 eidola
  3 merfolk javelineers
  6 mummy priests
  8 merfolk impalers
  4 deep elf high priests
  9 yaktaur captains
  6 jiangshi
  6 iron golems
  An entropy weaver (Vaults:1)
  3 fire dragons
  A kraken zombie (Hell)
  9 hydras
  Fannar (D:11)
  A hell beast (Pan)
  Erolcha (Orc:2)
  30 vault guards
  An ice dragon (Depths:2)
  3 juggernaut simulacra
  3 rakshasas
  A caustic shrike simulacrum (Crypt:3)
  10 salamander tyrants
  7 merfolk aquamancers
  A spriggan air mage (Zig:18)
  6 anacondas
  4 catoblepae
  A quicksilver dragon skeleton (Crypt:3)
  A fenstrider witch skeleton (Crypt:2)
  5 ironbound frosthearts
  2 ogre magi
  2 nameless horrors
  2 jorogumos (Pan)
  5 centaur warriors
  10 two-headed ogres
  A merfolk avatar (Shoals:2)
  A sphinx skeleton (Zig:12)
  6 boulder beetles
  2 alligator snapping turtles (Shoals:4)
  4 death yaks (Shoals:2)
  15 stokers
  3 satyrs
  9 death scarabs
  7 naga warriors
  6 vampire magi
  A demonic crawler (Pan)
  24 dancing weapons
  A spectral dire elephant (Tar:1)
  2 tengu warriors (D:15)
  2 thrashing horrors (Lair:5)
  2 shock serpents
  8 hell hogs
  9 sun demons
  5 orc high priests
  11 hell knights
  14 naga sharpshooters
  5 soul eaters
  2 iron trolls (Hell)
  Urug (Orc:2)
  15 deep elf knights
  13 sea snakes
  4 wretched stars
  42 deep trolls
  13 skeletal warriors
  2 skysharks
  A titan skeleton (Zig:12)
  Lodul (D:12)
  A fire crab (Zig:3)
  2 salamander mystics
  7 shadow wraiths
  3 shadow demons
  7 sixfirhies
  A golden dragon zombie (Hell)
  6 naga ritualists
  A spriggan simulacrum (Coc:7)
  4 bog bodies
  3 sun moths
  5 deep elf archers
  6 mana vipers
  An anaconda skeleton (Crypt:1)
  3 arcanists
  2 shadow dragon zombies
  5 lindwurms
  A goliath frog zombie (Crypt:1)
  7 phantasmal warriors
  Pikel (D:7)
  12 orc knights
  9 ironbound convokers
  15 deep elf pyromancers
  6 flayed ghosts (Crypt:3)
  A steelbarb worm (shapeshifter) (Vaults:5)
  7 large abominations
  17 harpies
  19 deep elf zephyrmancers
  A wolf spider (Zig:19)
  2 tengu zombies (Hell)
  5 necromancers
  A stone giant zombie (Hell)
  An alligator zombie (Hell)
  4 frost giant zombies (Hell)
  4 orc sorcerers
  4 oklob plants (Lair:4)
  22 ugly things
  Maurice (D:10)
  21 fauns
  6 elephants (Lair:3)
  A shadow dragon skeleton (Zig:12)
  6 cyclopes
  A fire giant zombie (Hell)
  18 salamanders
  2 meliai
  4 worldbinders (Abyss:3)
  11 manticores
  12 naga magi
  An iron dragon skeleton (Zig:12)
  7 merfolk sirens
  4 moths of wrath
  A kobold blastminer (Orc:1)
  3 guardian serpents
  5 water nymphs
  3 titan simulacra
  2 torpor snails
  32 black mambas
  A frost giant skeleton (Zig:12)
  4 gargoyles (Crypt:3)
  8 cane toads
  2 ice statues
  10 smoke demons
  2 unseen horrors
  Maggie (D:8)
  9 vault sentinels
  A dire elephant skeleton (Crypt:3)
  2 centaur skeletons (Crypt:3)
  6 orange demons (Pan)
  13 hellions
  Jeremiah (Lair:1)
  4 freezing wraiths
  2 komodo dragons (shapeshifter)
  19 yaktaurs
  A sea snake zombie (Hell)
  4 tormentors
  3 tengu conjurers
  6 efreet
  3 rime drakes
  2 ancient zymes (Abyss:3)
  An iron giant simulacrum (Coc:4)
  7 komodo dragons
  An anaconda simulacrum (Hell)
  A sea snake skeleton (Hell)
  6 guardian mummies
  A hydra zombie (Hell)
  A queen bee (D:10)
  22 merfolk
  4 polar bears
  A wind drake (shapeshifter) (D:14)
  A hornet (D:9)
  2 red devils (Pan)
  5 trolls
  4 wind drakes
  2 hydra skeletons (Crypt:3)
  A raiju (shapeshifter) (Lair:5)
  An ettin zombie (Hell)
  A harpy skeleton (Crypt:3)
  22 blink frogs
  An alligator simulacrum (Hell)
  A death drake skeleton (Crypt:2)
  A spriggan zombie (Hell)
  A raiju (Lair:5)
  8 dream sheep
  14 snapping turtles
  2 spriggans (Lair:5)
  7 wyverns
  28 yaks
  A vampire (Vaults:3)
  3 ynoxinuls
  3 air elementals
  9 shadows
  17 water elementals
  7 wraiths
  2 ushabtiu (Tomb:2)
  4 basilisks
  A redback (Vaults:1)
  3 neqoxecs (Orc:2)
  3 wargs
  A fire elemental (Elf:1)
  A sea snake simulacrum (Hell)
  4 harpy simulacra
  3 chaos spawn
  9 small abominations (Lair:5)
  42 nagas
  12 water moccasins
  2 acid dragons
  2 hell hounds (Pan)
  A hydra simulacrum (Hell)
  A two-headed ogre skeleton (Crypt:2)
  An ice beast (D:5)
  3 black bears
  40 orc warriors
  16 laughing skulls
  17 ogres
  19 centaurs
  A weeping skull (Gauntlet)
  6 necrophages
  A yaktaur zombie (Crypt:2)
  4 scorpions
  11 bullfrogs
  An earth elemental (Elf:1)
  7 wights
  34 killer bees
  5 howler monkeys
  2 bombardier beetles
  3 lava snakes (Lair:2)
  3 quasits (Orc:2)
  25 orc priests
  5 jellies
  A black bear zombie (Crypt:1)
  A human zombie (Crypt:1)
  A hound (D:5)
  2 human skeletons (Crypt:1)
  2 iguanas
  18 orc wizards
  2 sleepcaps
  8 hell rats
  A hound skeleton (D:6)
  23 mummies
  6 gnolls
  7 adders
  A shadow imp (D:5)
  2 ufetubi (D:6)
  An adder zombie (Crypt:2)
  3 dart slugs
  A ribbon worm (D:2)
  75 orcs
  6 ball pythons
  10 endoplasms
  3 giant cockroaches
  14 goblins
  11 hobgoblins
  4 quokkas (D:2)
  A ball python skeleton (Crypt:2)
  4 bats
  A bombardier beetle zombie (Crypt:1)
  4 frilled lizards
  10 kobolds
  6 rats
  A creeping inferno (Hell)
  2 tentacles (Hell)
2033 creatures vanquished.

Vanquished Creatures (collateral kills)
  A starcursed mass (Zig:22)
  2 dread liches (Zig:15)
  8 royal mummies
  8 shard shrikes
  2 Killer Klowns (Zig:17)
  3 caustic shrikes
  4 golden dragons
  3 profane servitors
  5 Tzitzimimeh
  An iron giant (Dis:7)
  5 pandemonium lords
  An electric golem (Zot:5)
  4 Brimstone Fiends
  5 Ice Fiends
  3 tentacled monstrosities
  5 Hell Sentinels
  A hellephant (Geh:3)
  A shard shrike skeleton (Tomb:3)
  5 liches
  3 Orb Guardians (Zot:5)
  5 deep elf blademasters
  4 tainted leviathans (Tar:7)
  9 deep elf master archers
  6 ancient champions
  10 titans
  4 Executioners (Pan)
  7 sphinxes
  2 eldritch tentacles
  4 tentacled starspawn (Zig:22)
  A tengu reaver (Depths:2)
  2 shadow dragons (Zig:16)
  3 fire giants
  A daeva (Depths:3)
  3 narguns
  4 revenants
  A draconian knight (Zot:4)
  12 nagarajas
  2 quicksilver elementals (Dis:7)
  A frost giant (Coc:6)
  3 demonspawn warmongers (Pan)
  6 protean progenitors
  A deep elf elementalist (Zig:10)
  7 balrugs
  A vault warden (Zig:15)
  3 shard shrike simulacra
  A draconian scorcher (Zig:4)
  2 deep elf sorcerers
  3 cacodemons (Pan)
  A curse skull (Pan)
  6 ghost moths
  5 demonspawn corrupters (Pan)
  A caustic shrike skeleton (Pan)
  2 reapers
  A broodmother (Zig:19)
  A draconian annihilator (Pan)
  An ophan (Zig:11)
  2 ironbound preservers
  8 very ugly things
  2 stone giants
  A juggernaut skeleton (Pan)
  2 vampire knights (Crypt:2)
  A green draconian (Zot:4)
  A demonspawn black sun (Zig:16)
  11 elemental wellsprings
  A black draconian (Zot:4)
  A deep elf death mage (Zig:16)
  A stone giant (shapeshifter) (Zig:17)
  15 bennus (Tomb:3)
  12 deep elf annihilators
  A deep elf demonologist (Zig:21)
  A dire elephant (Abyss:3)
  3 bunyips
  A war gargoyle (Dis:2)
  2 lorocyprocas
  8 wendigos
  2 spark wasps (Depths:3)
  A purple draconian (Zot:5)
  A yellow draconian (Zot:5)
  An iron golem (Dis:7)
  13 mummy priests
  A crystal guardian (Zig:22)
  An ettin (Zig:15)
  A spectral quicksilver dragon (Tar:3)
  7 eidola
  A jiangshi (Crypt:1)
  An entropy weaver (Zig:19)
  3 green deaths
  A yaktaur captain (Zig:15)
  A shambling mangrove (Zig:18)
  2 blizzard demons
  3 spriggan zombies
  A great orb of eyes (Pan)
  3 deep elf high priests
  9 salamander tyrants (Zig:20)
  3 hydras (Zig:18)
  2 rakshasas (Pan)
  2 jorogumos (Zig:5)
  2 ogre magi
  2 stokers (Geh:7)
  A juggernaut simulacrum (Coc:6)
  A spriggan air mage (Zig:7)
  3 alligators (Zig:18)
  2 ghost crabs (Zig:18)
  A merfolk aquamancer (Zig:7)
  2 radroaches
  A sphinx zombie (Hell)
  3 dancing weapons
  A vampire mage (Crypt:1)
  14 death scarabs
  2 deep troll earth magi
  2 deep troll shamans
  10 hell hogs
  A tengu warrior (Depths:2)
  6 thrashing horrors
  A spriggan berserker (Depths:2)
  3 occultists
  4 naga sharpshooters (Zig:20)
  7 shock serpents (Zig:20)
  A spectral dire elephant (Tar:3)
  3 crystal echidnas
  5 soul eaters
  13 sun demons
  A hell knight (Depths:2)
  2 orc high priests
  7 shadow wraiths
  14 wretched stars
  4 deep elf knights
  A storm dragon zombie (Hell)
  A sea snake (shapeshifter) (Zig:17)
  3 sixfirhies
  11 skeletal warriors
  A skyshark (shapeshifter) (Zig:17)
  2 spatial maelstroms
  A pharaoh ant (Zig:19)
  A quicksilver dragon simulacrum (Coc:6)
  3 goliath frogs
  An iron troll (Depths:1)
  5 deep trolls
  2 spriggan druids (Zig:18)
  2 sun moths (Pan)
  2 orb spiders (Zig:19)
  2 deep elf archers (Zig:21)
  A mana viper (shapeshifter) (Depths:2)
  A glowing orange brain (Pan)
  6 steelbarb worms
  A death drake (Zig:18)
  2 swamp dragons (Zig:18)
  2 phantasmal warriors
  8 shadow demons
  A mana viper (Zig:20)
  4 orange crystal statues (Zig:19)
  An anaconda skeleton (Crypt:2)
  7 deep elf zephyrmancers
  3 deep elf pyromancers
  An orc knight (Depths:2)
  4 necromancers
  2 orc sorcerers
  A stone giant zombie (Crypt:2)
  3 will-o-the-wisps (Zig:18)
  4 wolf spiders (Zig:19)
  15 ugly things
  3 moths of wrath
  5 large abominations
  7 black mambas (Zig:20)
  8 apocalypse crabs
  2 guardian serpents (Zig:20)
  3 ice statues
  A worldbinder (Zig:11)
  A rust devil (Pan)
  2 titan simulacra (Coc:6)
  A naga mage (Zig:20)
  A vault sentinel (Vaults:2)
  2 centaur zombies
  9 smoke demons
  4 hellions
  6 orange demons (Pan)
  A cane toad (Lair:3)
  7 torpor snails (Zig:19)
  A dire elephant skeleton (Tomb:1)
  25 guardian mummies
  An anaconda simulacrum (Coc:4)
  3 freezing wraiths
  A komodo dragon (shapeshifter) (Zig:17)
  7 tormentors
  2 iron giant simulacra (Coc:7)
  2 red devils (Pan)
  An efreet (Pan)
  9 ancient zymes
  A tyrant leech (shapeshifter) (Zig:15)
  A hellwing (Pan)
  3 raiju (Zig:22)
  A tarantella (Zig:19)
  A bloated husk (Zig:18)
  5 hornets
  3 stone giant simulacra
  A dream sheep (shapeshifter) (Zig:21)
  3 jumping spiders (Zig:19)
  2 ushabtiu (Tomb:3)
  4 spriggans
  5 dire elephant simulacra
  3 ynoxinuls (Pan)
  3 water elementals
  A culicivora (Zig:19)
  10 neqoxecs
  3 fire elementals
  9 redbacks (Zig:19)
  12 chaos spawn
  A naga zombie (Crypt:2)
  3 nagas (Zig:20)
  4 harpy simulacra
  A swamp worm (shapeshifter) (Zig:17)
  A hydra simulacrum (Coc:4)
  A naga skeleton (Hell)
  An orc warrior (Orc:2)
  2 ettin simulacra
  A centaur (shapeshifter) (Zig:17)
  2 boggarts (Depths:2)
  4 earth elementals
  A naga simulacrum (Coc:1)
  5 wights
  A killer bee (D:10)
  2 jellies (Zig:2)
  2 orc priests (Depths:2)
  21 mummies
  A lava snake zombie (Crypt:1)
  An orc (Orc:2)
  An aspiring flesh (Pan)
  2 creeping infernos
  3 fire vortices
  4 starspawn tentacles (Zig:22)
805 creatures vanquished.

Vanquished Creatures (others)
  A pandemonium lord (Zig:17)
  2 royal mummies (Tomb:3)
  2 Killer Klowns (Zig:17)
  3 shard shrikes
  2 tentacled monstrosities (Zig:18)
  An Orb Guardian (Zot:5)
  A titan (Zig:15)
  2 tainted leviathans (Tar:7)
  2 sphinxes
  2 Executioners (Pan)
  2 searing wretches (Geh:3)
  26 eldritch tentacles
  A tengu reaver (Zig:15)
  2 azure jellies
  A fenstrider witch (Zig:18)
  A protean progenitor (Zig:17)
  A fire giant (Depths:3)
  A balrug (Pan)
  A formless jellyfish (Vaults:2)
  A ghost moth (Zig:19)
  A demonspawn corrupter (Pan)
  A spriggan defender (Depths:2)
  A reaper (Hell)
  A demonspawn blood saint (Pan)
  2 ironbound thunderhulks (Vaults:2)
  3 bennus (Tomb:3)
  2 dire elephants (Vaults:2)
  A bunyip (Zig:18)
  A white draconian (Zig:4)
  An eidolon (Zig:16)
  3 mummy priests
  2 deep elf high priests
  A yaktaur captain (Vaults:1)
  A fire dragon (Depths:2)
  A green death (Pan)
  4 great orbs of eyes
  2 rakshasas
  An ironbound frostheart (Vaults:2)
  A salamander tyrant (Zig:20)
  An alligator (Zig:18)
  A spriggan air mage (Depths:2)
  A caustic shrike simulacrum (Crypt:3)
  A centaur warrior (Vaults:2)
  An anaconda (Zig:20)
  2 death scarabs (Tomb:1)
  A deep troll earth mage (Depths:2)
  A demonic crawler (Zig:19)
  A spriggan berserker (Depths:2)
  3 hell hogs
  An orc high priest (Orc:2)
  A storm dragon zombie (Hell)
  2 soul eaters
  A deep elf knight (Zig:21)
  4 sun demons
  7 thrashing horrors
  A shadow wraith (Zig:22)
  2 iron trolls
  A sixfirhy (Hell)
  4 skeletal warriors
  A mana viper (Zig:20)
  3 glowing orange brains
  A glowing orange brain (shapeshifter) (Zig:17)
  An orb spider (shapeshifter) (Zig:15)
  3 shadow demons (Pan)
  3 goliath frogs
  2 arcanists
  A spriggan simulacrum (Coc:4)
  A sun moth (Zig:19)
  A harpy (shapeshifter) (Zig:17)
  A deep elf zephyrmancer (Zig:21)
  A wolf spider (Zig:19)
  A steelbarb worm (Zig:19)
  3 ironbound convokers
  3 lindwurms (Vaults:2)
  A deep elf pyromancer (Zig:21)
  6 ugly things
  A shining eye (shapeshifter) (Vaults:5)
  2 moths of wrath (Zig:17)
  A meliai (Vaults:4)
  A guardian serpent (shapeshifter) (D:15)
  A black mamba (Zig:20)
  2 eyes of devastation
  4 smoke demons
  2 vault sentinels (Vaults:2)
  2 orange demons
  3 hellions
  A cane toad (Lair:1)
  2 tormentors
  A red devil (Pan)
  An ancient zyme (Zig:10)
  9 guardian mummies
  8 glass eyes
  A tarantella (Zig:19)
  2 raiju
  A jumping spider (Zig:19)
  24 slime creatures
  A water elemental (Elf:3)
  A naga simulacrum (Coc:7)
  A ynoxinul (Pan)
  4 golden eyes
  5 neqoxecs
  A redback (Zig:19)
  2 chaos spawn
  14 dancing weapons
  A culicivora (shapeshifter) (Vaults:5)
  A harpy simulacrum (Coc:1)
  A naga (Snake:1)
  A hell hound (Pan)
  A water moccasin (Lair:5)
  An ogre (shapeshifter) (Vaults:5)
  A kobold brigand (D:9)
  2 bullfrogs
  112 jellies
  8 orc priests (Orc:2)
  8 mummies
  6 orcs
  6 ball lightnings (Pan)
  5 creeping infernos
  2 fire vortices
  6 starspawn tentacles
  2 tentacles (Hell)
417 creatures vanquished.

Grand Total: 3255 creatures vanquished

Notes
Turn   | Place    | Note
-------+----------+-------------------------------------------
     0 | D:1      | EnegeticOcto the Spriggan Enchanter began the quest for the
                  | Orb.
     0 | D:1      | Reached XP level 1. HP: 9/9 MP: 5/5
   144 | D:1      | Found Zeenoxuizo's Antique Armour Shop.
   156 | D:1      | Reached skill level 3 in Spellcasting
   183 | D:1      | Reached skill level 4 in Hexes
   220 | D:1      | Reached XP level 2. HP: 8/13 MP: 7/7
   293 | D:1      | Learned a level 2 spell: Ensorcelled Hibernation
   555 | D:1      | Reached XP level 3. HP: 16/16 MP: 9/9
   861 | D:2      | Found Deothruc's Magic Scroll Emporium.
  1106 | D:2      | Reached skill level 1 in Ice Magic
  1288 | D:2      | Reached skill level 4 in Spellcasting
  1288 | D:2      | Reached skill level 5 in Hexes
  1288 | D:2      | Reached XP level 4. HP: 21/21 MP: 1/11
  1400 | D:2      | Identified the +3 leather armour of Kile Suadoma {rN+
                  | Regen+ rCorr Str+2}
  1642 | D:2      | Bought a scroll of identify for 24 gold pieces
  1642 | D:2      | Bought a scroll of noise for 12 gold pieces
  1703 | D:3      | Learned a level 3 spell: Confusing Touch
  1707 | D:3      | Learned a level 3 spell: Tukima's Dance
  1845 | D:3      | Reached XP level 5. HP: 25/25 MP: 9/12
  1916 | D:3      | Reached skill level 2 in Ice Magic
  1935 | D:3      | Found a stormy altar of Qazlal.
  2568 | D:4      | Reached skill level 1 in Fighting
  2689 | D:4      | Reached skill level 6 in Hexes
  2698 | D:4      | Reached XP level 6. HP: 15/30 MP: 2/13
  2972 | D:4      | Identified the +3 leather armour "Jadi" {rC+}
  3005 | D:4      | Reached skill level 2 in Fighting
  3185 | D:4      | Found a snail-covered altar of Cheibriados.
  3492 | D:5      | Entered Level 5 of the Dungeon
  3519 | D:5      | Reached skill level 7 in Hexes
  3591 | D:5      | Reached skill level 3 in Fighting
  3591 | D:5      | Reached XP level 7. HP: 36/36 MP: 11/14
  3615 | D:5      | Reached skill level 3 in Dodging
  3776 | D:5      | Found Dynaewk's Weapon Emporium.
  3807 | D:5      | Reached skill level 5 in Stealth
  3865 | D:5      | Found an ornate altar of the Wu Jian Council.
  3976 | D:5      | Found a shimmering altar of Xom.
  4198 | D:5      | Reached skill level 8 in Hexes
  4198 | D:5      | Reached XP level 8. HP: 27/40 MP: 1/16
  4340 | D:5      | Reached skill level 4 in Dodging
  4340 | D:5      | Reached skill level 5 in Spellcasting
  4365 | D:5      | Reached skill level 6 in Stealth
  4698 | D:2      | Bought a scroll of blinking for 90 gold pieces
  4698 | D:2      | Bought a scroll of teleportation for 36 gold pieces
  5040 | D:6      | Found Kymet's Magic Scroll Shop.
  5060 | D:6      | Bought a scroll of revelation for 90 gold pieces
  5178 | D:6      | Found a burning altar of Makhleb.
  5269 | D:6      | Reached skill level 4 in Fighting
  5403 | D:7      | Reached skill level 5 in Dodging
  5403 | D:7      | Reached skill level 7 in Stealth
  5488 | D:7      | Found a staircase to the Ecumenical Temple.
  5498 | Temple   | Found a transporter.
  5498 | Temple   | Found a transporter.
  5498 | Temple   | Found a transporter.
  5498 | Temple   | Found a transporter.
  5498 | Temple   | Entered the Ecumenical Temple
  5516 | Temple   | Became a worshipper of Ru the Awakened
  5555 | D:7      | Noticed Pikel
  5570 | D:7      | Killed Pikel
  5571 | D:7      | Reached skill level 6 in Spellcasting
  5571 | D:7      | Reached skill level 9 in Hexes
  5571 | D:7      | Reached XP level 9. HP: 46/46 MP: 15/19
  5615 | D:7      | Reached skill level 6 in Dodging
  5628 | D:7      | Reached skill level 8 in Stealth
  5739 | D:7      | Found a blossoming altar of Fedhas.
  5753 | D:7      | Found a broken altar of Ashenzari.
  6030 | D:7      | Found a shadowy altar of Dithmenos.
  6317 | D:6      | Bought a scroll of identify for 24 gold pieces
  6317 | D:6      | Bought a scroll of identify for 24 gold pieces
  6317 | D:6      | Bought 2 scrolls of fear for 96 gold pieces
  6317 | D:6      | Bought a scroll of identify for 24 gold pieces
  6317 | D:6      | Bought a scroll of teleportation for 36 gold pieces
  6317 | D:6      | Bought a scroll of identify for 24 gold pieces
  6463 | D:8      | Found an iron altar of Okawaru.
  6648 | D:8      | Identified the +3 chain mail "Notoewaf" {Dex+7}
  6692 | D:8      | Noticed Maggie
  6727 | D:8      | Reached skill level 7 in Spellcasting
  6731 | D:8      | Killed Maggie
  6732 | D:8      | Reached skill level 5 in Fighting
  6732 | D:8      | Reached skill level 7 in Dodging
  6732 | D:8      | Reached skill level 9 in Stealth
  7408 | D:9      | Found a staircase to the Lair.
  7449 | D:9      | Reached skill level 2 in Short Blades
  7470 | D:9      | Found a viscous altar of Jiyva.
  7615 | D:9      | Fell from the grace of Ru
  7615 | D:9      | Became a worshipper of Jiyva Jilykk the Shapeless
  7638 | D:9      | Identified the +8 whip "Wisch" {freeze, +Blink rPois rF-
                  | rCorr Str+6}
  7649 | D:9      | Reached XP level 10. HP: 51/51 MP: 22/22
  7732 | D:9      | Reached skill level 10 in Hexes
  7775 | D:9      | Reached skill level 3 in Short Blades
  7870 | D:9      | Reached * piety under Jiyva
  7873 | D:9      | Found a white marble altar of Elyvilon.
  8126 | D:9      | Reached skill level 4 in Short Blades
  8126 | D:9      | Reached skill level 10 in Stealth
  8266 | D:10     | Entered Level 10 of the Dungeon
  8282 | D:10     | Reached skill level 8 in Dodging
  8315 | D:10     | Reached ** piety under Jiyva
  8321 | D:10     | Noticed Maurice
  8324 | D:10     | Found a staircase to the Orcish Mines.
  8328 | D:10     | Killed Maurice
  8329 | D:10     | Reached skill level 8 in Spellcasting
  8345 | D:10     | Found a hide-covered altar of Uskayaw.
  8522 | D:10     | Reached skill level 5 in Short Blades
  8556 | D:10     | Noticed a two-headed ogre
  8570 | D:10     | Reached skill level 6 in Fighting
  8572 | D:10     | Killed a two-headed ogre
  8573 | D:10     | Reached skill level 6 in Short Blades
  8573 | D:10     | Reached skill level 9 in Dodging
  8623 | D:10     | Found Douqeulaigh's Antique Armour Shoppe.
  8636 | D:10     | Noticed a two-headed ogre
  8649 | D:10     | Killed a two-headed ogre
  8650 | D:10     | Reached skill level 7 in Short Blades
  8671 | D:10     | Reached XP level 11. HP: 56/56 MP: 19/24
  8734 | D:10     | Bought a faintly glowing buckler for 247 gold pieces
  8734 | D:10     | Identified the +4 buckler of Shadows and Fog {SInv} (You
                  | bought it in a shop on level 10 of the Dungeon)
  8878 | D:10     | Reached skill level 8 in Short Blades
  8905 | D:10     | Reached skill level 1 in Shields
  8915 | D:10     | Reached skill level 10 in Dodging
  9086 | Lair:1   | Entered Level 1 of the Lair of Beasts
  9155 | Lair:1   | Reached *** piety under Jiyva
  9155 | Lair:1   | Gained mutation: You are covered in slimy tendrils that may
                  | disarm your opponents. [Jiyva's grace]
  9155 | Lair:1   | Gained mutation: Your rubbery body absorbs attacks. (AC +1,
                  | EV +1) [Jiyva's grace]
  9155 | Lair:1   | Gained mutation: Your pliable body absorbs attacks. (AC +2,
                  | EV +2) [Jiyva's grace]
  9155 | Lair:1   | Gained mutation: Your gelatinous body deflects attacks. (AC
                  | +3, EV +3) [Jiyva's grace]
  9291 | Lair:1   | Reached skill level 9 in Short Blades
  9331 | Lair:1   | Reached skill level 2 in Shields
  9331 | Lair:1   | Noticed Jeremiah
  9343 | Lair:1   | Killed Jeremiah
  9360 | Lair:1   | Learned a level 3 spell: Ozocubu's Armour
  9622 | Lair:1   | Reached skill level 1 in Evocations
  9654 | Lair:1   | Reached skill level 10 in Short Blades
  9662 | Lair:1   | Reached skill level 2 in Evocations
  9686 | Lair:1   | Reached **** piety under Jiyva
 10005 | Lair:2   | Found a staircase to the Shoals.
 10011 | Lair:2   | Noticed a six-headed hydra
 10017 | Lair:2   | Killed a six-headed hydra
 10018 | Lair:2   | Reached skill level 3 in Evocations
 10064 | Lair:2   | Reached skill level 3 in Ice Magic
 10094 | Lair:2   | Reached skill level 11 in Stealth
 10135 | Lair:2   | Reached XP level 12. HP: 62/62 MP: 25/25
 10188 | Lair:2   | Found a staircase to the Snake Pit.
 10241 | Lair:2   | Reached skill level 9 in Spellcasting
 10324 | Lair:2   | Reached skill level 4 in Evocations
 10396 | Lair:2   | Lost mutation: Your gelatinous body deflects attacks. (AC
                  | +3, EV +3) [Jiyva's grace]
 10396 | Lair:2   | Gained mutation: Your flesh is heat resistant. (rF+)
                  | [Jiyva's grace]
 10396 | Lair:2   | Gained mutation: Your flesh is very heat resistant. (rF++)
                  | [Jiyva's grace]
 10396 | Lair:2   | Gained mutation: Your flesh is almost immune to the effects
                  | of heat. (rF+++) [Jiyva's grace]
 10396 | Lair:2   | Gained mutation: Your translucent skin slightly reduces
                  | your foes' accuracy. (Stealth+) [Jiyva's grace]
 10406 | Lair:2   | Reached ***** piety under Jiyva
 10483 | Lair:2   | Noticed a five-headed hydra
 10491 | Lair:2   | Killed a five-headed hydra
 10492 | Lair:2   | Reached skill level 11 in Dodging
 11012 | Lair:3   | Reached skill level 5 in Evocations
 11033 | Lair:3   | Reached skill level 7 in Fighting
 11208 | Lair:3   | Reached skill level 12 in Stealth
 11208 | Lair:3   | Reached skill level 4 in Ice Magic
 11287 | Lair:3   | Reached skill level 10 in Spellcasting
 11287 | Lair:3   | Reached skill level 6 in Evocations
 11810 | Lair:4   | Found a gate leading to a gauntlet.
 11812 | Lair:4   | Lost mutation: Your flesh is almost immune to the effects
                  | of heat. (rF+++) [Jiyva's grace]
 11812 | Lair:4   | Lost mutation: Your flesh is very heat resistant. (rF++)
                  | [Jiyva's grace]
 11812 | Lair:4   | Lost mutation: Your pliable body absorbs attacks. (AC +2,
                  | EV +2) [Jiyva's grace]
 11812 | Lair:4   | Gained mutation: You are partially covered in iridescent
                  | scales. (AC +2) [Jiyva's grace]
 11812 | Lair:4   | Gained mutation: You are mostly covered in iridescent
                  | scales. (AC +4) [Jiyva's grace]
 11812 | Lair:4   | Gained mutation: You are completely covered in iridescent
                  | scales. (AC +6) [Jiyva's grace]
 11812 | Lair:4   | Gained mutation: You have large cloven feet. [Jiyva's
                  | grace]
 11819 | Gauntlet | Entered a Gauntlet
 11819 | Gauntlet | Found a transporter.
 11832 | Gauntlet | Found a transporter.
 11843 | Gauntlet | Found a transporter.
 11848 | Gauntlet | Found a transporter.
 11865 | Gauntlet | Found a transporter.
 11876 | Gauntlet | Noticed an entropy weaver
 11882 | Gauntlet | Found a transporter.
 11890 | Gauntlet | Found a large runed translucent door.
 11891 | Gauntlet | Found a large runed translucent door.
 11892 | Gauntlet | Found a large runed translucent door.
 11892 | Gauntlet | Found a large runed translucent door.
 11893 | Gauntlet | Found a runed translucent gate.
 11894 | Gauntlet | Found a transporter.
 11894 | Gauntlet | Found a runed translucent gate.
 11895 | Gauntlet | Found a runed translucent gate.
 11896 | Gauntlet | Found a large runed translucent door.
 11896 | Gauntlet | Found a large runed translucent door.
 11897 | Gauntlet | Found a large runed translucent door.
 11898 | Gauntlet | Found a large runed translucent door.
 11906 | Gauntlet | Found a transporter.
 11918 | Gauntlet | Found a transporter.
 11918 | Gauntlet | Noticed a hell beast
 11930 | Gauntlet | Found a transporter.
 11947 | Gauntlet | Found a transporter.
 11965 | Gauntlet | Found a transporter.
 11967 | Gauntlet | Found a transporter.
 11969 | Gauntlet | Reached ****** piety under Jiyva
 11995 | Gauntlet | Found a transporter.
 11997 | Gauntlet | Found a transporter.
 12017 | Gauntlet | Found a transporter.
 12091 | Gauntlet | Found a large runed translucent door.
 12091 | Gauntlet | Found a large runed translucent door.
 12091 | Gauntlet | Found a runed translucent door.
 12091 | Gauntlet | Found a runed translucent door.
 12092 | Gauntlet | Found a large runed translucent door.
 12093 | Gauntlet | Found a large runed translucent door.
 12095 | Gauntlet | Found a transporter.
 12111 | Gauntlet | Found a large runed translucent door.
 12111 | Gauntlet | Found a large runed translucent door.
 12112 | Gauntlet | Found a large runed translucent door.
 12113 | Gauntlet | Found a large runed translucent door.
 12115 | Gauntlet | Found a transporter.
 12239 | Gauntlet | Reached skill level 12 in Dodging
 12345 | Gauntlet | Identified the ring of Orar {rElec EV+5 Dex+5 Stlth+}
 12438 | Gauntlet | Noticed a minotaur
 12444 | Gauntlet | Killed a minotaur
 12445 | Gauntlet | Reached XP level 13. HP: 67/67 MP: 28/28
 12642 | Lair:4   | Reached skill level 13 in Stealth
 12923 | Lair:4   | Found a viscous altar of Jiyva.
 12925 | Lair:4   | Found a staircase to the Slime Pits.
 12964 | Lair:4   | Reached skill level 7 in Evocations
 12979 | Lair:4   | Reached skill level 5 in Ice Magic
 12986 | Slime:1  | Entered Level 1 of the Pits of Slime
 12997 | Slime:1  | Noticed a quicksilver ooze
 13015 | Slime:1  | Noticed a quicksilver ooze
 13019 | Slime:1  | Noticed a quicksilver ooze
 13103 | Slime:2  | Noticed an acid blob
 13109 | Slime:2  | Noticed a rockslime
 13112 | Slime:3  | Noticed an azure jelly
 13124 | Slime:5  | Entered Level 5 of the Pits of Slime
 13124 | Slime:5  | Noticed an acid blob
 13130 | Slime:5  | Noticed a rockslime
 13132 | Slime:5  | Noticed an acid blob
 13133 | Slime:5  | Found a viscous altar of Jiyva.
 13134 | Slime:5  | Found the +8 pair of quick blades "Gyre" and "Gimble"
                  | {protect}
 13135 | Slime:5  | Noticed the Royal Jelly
 13140 | Slime:5  | Got a slimy rune of Zot
 13143 | Slime:5  | Noticed an acid blob
 13145 | Slime:5  | Identified the +5 scimitar of the Grey Skies {pain, Str+5
                  | Dex+5 Stlth+}
 13145 | Slime:5  | Noticed an acid blob
 13146 | Slime:5  | Got a starry gem with 501 turns to spare
 13155 | Slime:5  | Identified the staff of Wondrous Power {rC+ rN++ Int-3
                  | Dex+3 SInv Stlth+ Ice}
 13163 | Slime:5  | Identified the ring "Ucaho" {Fly AC+4}
 13171 | Slime:5  | Noticed an acid blob
 13177 | Slime:5  | Identified the ring of the Commoners {rPois rF+++ rCorr
                  | Slay-2}
 13194 | Slime:5  | Identified the +3 long sword "Ateen" {freeze, Fly rElec}
 13230 | Slime:4  | Noticed an acid blob
 13238 | Slime:3  | Noticed an acid blob
 13238 | Slime:3  | Noticed a rockslime
 13253 | Slime:2  | Noticed a rockslime
 13253 | Slime:2  | Noticed a quicksilver ooze
 13263 | Slime:2  | Noticed an acid blob
 13624 | Lair:5   | Entered Level 5 of the Lair of Beasts
 13839 | Lair:5   | Got an earthy gem with 1353 turns to spare
 13848 | Lair:5   | Lost mutation: You are completely covered in iridescent
                  | scales. (AC +6) [Jiyva's grace]
 13848 | Lair:5   | Gained mutation: Your mind is acute. (Int +4, Str/Dex -1)
                  | [Jiyva's grace]
 13848 | Lair:5   | Gained mutation: Your mind is very acute. (Int +8, Str/Dex
                  | -2) [Jiyva's grace]
 13848 | Lair:5   | Gained mutation: You passively dampen the noise of your
                  | surroundings. [Jiyva's grace]
 13848 | Lair:5   | Gained mutation: You are partially covered in large bone
                  | plates. (SH +4) [Jiyva's grace]
 13858 | Lair:5   | Reached skill level 8 in Fighting
 13939 | Lair:5   | Reached skill level 11 in Spellcasting
 13970 | Lair:5   | Reached skill level 8 in Evocations
 13971 | Lair:5   | Found a corrupted altar of Lugonu.
 13971 | Lair:5   | Found a one-way gate to the infinite horrors of the Abyss.
 14299 | Lair:5   | Reached skill level 14 in Stealth
 14302 | Lair:5   | Reached skill level 13 in Dodging
 14852 | Orc:1    | Entered Level 1 of the Orcish Mines
 14920 | Orc:2    | Entered Level 2 of the Orcish Mines
 14944 | Orc:2    | Found a transporter.
 15178 | Orc:1    | Reached XP level 14. HP: 74/74 MP: 24/30
 15316 | Orc:1    | Found a runed translucent door.
 15316 | Orc:1    | Noticed Peloso's ghost (journeyman MiFi)
 15330 | Orc:1    | Killed Peloso's ghost
 15579 | Orc:2    | Reached skill level 9 in Evocations
 15582 | Orc:2    | Found a staircase to the Elven Halls.
 15600 | Orc:2    | Noticed Urug
 15612 | Orc:2    | Killed Urug
 15657 | Orc:2    | Reached skill level 9 in Fighting
 15755 | Orc:2    | Lost mutation: You are mostly covered in iridescent scales.
                  | (AC +4) [Jiyva's grace]
 15755 | Orc:2    | Lost mutation: You are partially covered in large bone
                  | plates. (SH +4) [Jiyva's grace]
 15755 | Orc:2    | Lost mutation: Your mind is very acute. (Int +8, Str/Dex
                  | -2) [Jiyva's grace]
 15755 | Orc:2    | Lost mutation: Your flesh is heat resistant. (rF+) [Jiyva's
                  | grace]
 15755 | Orc:2    | Lost mutation: Your translucent skin slightly reduces your
                  | foes' accuracy. (Stealth+) [Jiyva's grace]
 15755 | Orc:2    | Lost mutation: You are covered in slimy tendrils that may
                  | disarm your opponents. [Jiyva's grace]
 15755 | Orc:2    | Gained mutation: Your translucent skin slightly reduces
                  | your foes' accuracy. (Stealth+) [Jiyva's grace]
 15755 | Orc:2    | Gained mutation: Your translucent skin reduces your foes'
                  | accuracy. (Stealth+) [Jiyva's grace]
 15755 | Orc:2    | Gained mutation: Your transparent skin significantly
                  | reduces your foes' accuracy. (Stealth+) [Jiyva's grace]
 15755 | Orc:2    | Gained mutation: Armour fits poorly on your pseudopods.
                  | [Jiyva's grace]
 15757 | Orc:2    | Noticed Snorg
 15768 | Orc:2    | Killed Snorg
 15802 | Orc:2    | Noticed Erolcha
 16085 | Orc:2    | Found a transporter.
 16090 | Orc:2    | Noticed Kass's ghost (journeyman MiBe)
 16100 | Orc:2    | Identified the ring of Tatraaph {Int+6 Dex+3}
 16108 | Orc:2    | Killed Kass's ghost
 16111 | Orc:2    | Gained mutation: Armour fits poorly on your strangely
                  | shaped body. [a neqoxec]
 16825 | Orc:2    | Reached skill level 12 in Spellcasting
 16884 | Orc:2    | Reached skill level 14 in Dodging
 16933 | Orc:2    | Found Kiusesy's Book Shop.
 16933 | Orc:2    | Found Xulyrhante's Jewellery Shop.
 16934 | Orc:2    | Found Zaufij's Antique Armour Shop.
 16934 | Orc:2    | Found Xoluy's Armour Boutique.
 16941 | Orc:2    | Reached skill level 10 in Evocations
 16948 | Orc:2    | Bought a book of Cantrips for 208 gold pieces
 16950 | Orc:2    | Learned a level 1 spell: Apportation
 16958 | Orc:2    | Bought a book of Geomancy for 390 gold pieces
 16962 | Orc:2    | Learned a level 3 spell: Passwall
 16969 | Orc:2    | Learned a level 6 spell: Dispersal
 16973 | Orc:2    | Learned a level 3 spell: Dazzling Flash
 16982 | Orc:2    | Learned a level 8 spell: Disjunction
 17113 | D:10     | Bought the +1 cloak of Starlight {*Dazzle EV+4 Stlth--} for
                  | 793 gold pieces
 17113 | D:10     | Found the +1 cloak of Starlight {*Dazzle EV+4 Stlth--}
 17191 | D:11     | Found a transporter.
 17193 | D:11     | Found a transporter.
 17204 | D:11     | Found a transporter.
 17204 | D:11     | Found a transporter.
 17231 | D:11     | Reached skill level 1 in Translocations
 17240 | D:11     | Found a transporter.
 17300 | D:11     | Reached skill level 1 in Shapeshifting
 17324 | D:11     | Reached skill level 1 in Earth Magic
 17341 | D:11     | Reached skill level 11 in Fighting
 17341 | D:11     | Reached XP level 15. HP: 82/82 MP: 32/32
 17387 | D:11     | Reached skill level 2 in Translocations
 17396 | D:11     | Found a transporter.
 17409 | D:11     | Noticed Fannar
 17416 | D:11     | Killed Fannar
 17596 | D:12     | Reached skill level 2 in Shapeshifting
 17719 | D:12     | Noticed Lodul
 17736 | D:12     | Killed Lodul
 17737 | D:12     | Reached skill level 3 in Translocations
 17940 | D:12     | Lost mutation: You are partially covered in iridescent
                  | scales. (AC +2) [Jiyva's grace]
 17940 | D:12     | Lost mutation: Your rubbery body absorbs attacks. (AC +1,
                  | EV +1) [Jiyva's grace]
 17940 | D:12     | Lost mutation: Your transparent skin significantly reduces
                  | your foes' accuracy. (Stealth+) [Jiyva's grace]
 17940 | D:12     | Lost mutation: Your translucent skin reduces your foes'
                  | accuracy. (Stealth+) [Jiyva's grace]
 17940 | D:12     | Gained mutation: You have hoof-like feet. [Jiyva's grace]
 17940 | D:12     | Gained mutation: You have hooves in place of feet. [Jiyva's
                  | grace]
 17940 | D:12     | Gained mutation: You have a small jelly attached to you
                  | that senses nearby items. [Jiyva's grace]
 17940 | D:12     | Gained mutation: You are robust. (+10% HP) [Jiyva's grace]
 18001 | D:12     | You are sucked into a shaft and drop 2 floors!
 18001 | D:14     | Found Pafueb's Book Shop.
 18016 | D:14     | Found a gate to the Vaults.
 18029 | D:14     | Reached skill level 2 in Earth Magic
 18068 | D:14     | Reached skill level 4 in Translocations
 18108 | D:14     | Reached XP level 16. HP: 96/96 MP: 31/33
 18160 | D:14     | Found Nemosha's Magic Scroll Emporium.
 18168 | D:14     | Bought a scroll of blinking for 120 gold pieces
 18168 | D:14     | Bought a scroll of amnesia for 64 gold pieces
 18168 | D:14     | Bought a scroll of butterflies for 64 gold pieces
 18168 | D:14     | Identified a scroll of acquirement
 18168 | D:14     | Acquired a +3 quick blade of freezing
 18248 | D:15     | Entered Level 15 of the Dungeon
 18281 | D:15     | Reached skill level 3 in Earth Magic
 18289 | D:15     | Reached skill level 13 in Spellcasting
 18343 | D:15     | Reached skill level 5 in Translocations
 18358 | D:15     | Reached skill level 15 in Dodging
 18386 | D:15     | Reached skill level 12 in Fighting
 18463 | D:15     | Reached skill level 6 in Translocations
 18558 | D:14     | Reached skill level 4 in Earth Magic
 18760 | D:14     | Reached skill level 7 in Translocations
 18786 | D:14     | Found Ogemo's Weapon Shop.
 19037 | D:11     | Gained mutation: Your body has grown eyes which may confuse
                  | attackers. (Acc +3) [Jiyva's grace]
 19037 | D:11     | Gained mutation: Your body has grown many eyes which may
                  | confuse attackers. (Acc +5) [Jiyva's grace]
 19037 | D:11     | Gained mutation: Your body is covered in eyes which may
                  | confuse attackers. (Acc +7, SInv) [Jiyva's grace]
 19037 | D:11     | Gained mutation: You have acidic saliva. [Jiyva's grace]
 19148 | Shoals:1 | Entered Level 1 of the Shoals
 19237 | Shoals:2 | Found a runed translucent gate.
 19237 | Shoals:2 | Found a runed translucent gate.
 19237 | Shoals:2 | Found a runed translucent gate.
 19297 | Shoals:2 | Reached skill level 11 in Short Blades
 19328 | Shoals:2 | Noticed Polyphemus
 19344 | Shoals:2 | Killed Polyphemus
 19347 | Shoals:2 | Reached skill level 5 in Earth Magic
 19358 | Shoals:2 | Reached skill level 8 in Translocations
 19473 | Shoals:2 | Reached skill level 13 in Fighting
 19505 | Shoals:3 | Found a runed translucent gate.
 19535 | Shoals:4 | Entered Level 4 of the Shoals
 19595 | Shoals:4 | Found a glacial archway.
 19611 | IceCv    | Entered an ice cave
 19617 | IceCv    | Learned a level 4 spell: Cause Fear
 19626 | IceCv    | Learned a level 7 spell: Enfeeble
 19767 | Shoals:4 | Identified the +5 shortbow of Demonkind {drain, rC+ Str+2}
 19784 | Shoals:4 | Reached skill level 11 in Hexes
 19807 | Shoals:4 | Reached XP level 17. HP: 104/104 MP: 35/35
 19809 | Shoals:4 | Reached skill level 9 in Translocations
 19881 | Shoals:4 | Identified the orb of Dim Light {light, rN+}
 19903 | Shoals:4 | Found Okatat's CLEARANCE SALE!.
 19930 | Shoals:4 | Bought a potion of curing for 18 gold pieces
 19932 | Shoals:4 | Identified the +3 scale mail of Brilliance {+Blink rPois
                  | Dex+2 SInv}
 20062 | Shoals:4 | Reached skill level 6 in Earth Magic
 20282 | Shoals:4 | Reached skill level 10 in Translocations
 20283 | Shoals:4 | Got a barnacled rune of Zot
 20285 | Shoals:4 | Got an azure gem with 1060 turns to spare
 20356 | Shoals:3 | Lost mutation: You passively dampen the noise of your
                  | surroundings. [Jiyva's grace]
 20356 | Shoals:3 | Gained mutation: You are somewhat resistant to further
                  | mutation. [Jiyva's grace]
 20356 | Shoals:3 | Gained mutation: You are somewhat resistant to both further
                  | mutation and mutation removal. [Jiyva's grace]
 20356 | Shoals:3 | Gained mutation: You are almost entirely resistant to
                  | further mutation and mutation removal. [Jiyva's grace]
 20356 | Shoals:3 | Gained mutation: You have a small jelly attached to you
                  | that may absorb projectiles. [Jiyva's grace]
 20376 | Shoals:3 | Reached skill level 12 in Short Blades
 20444 | Shoals:3 | Found a runed translucent gate.
 20444 | Shoals:3 | Found a runed translucent gate.
 20444 | Shoals:3 | Noticed Inglan's ghost (adept GrEE)
 20559 | Shoals:2 | Noticed qdestroyer's ghost (journeyman MiFi)
 20564 | Shoals:2 | Identified the amulet "Biematau" {Faith rElec rF+}
 20579 | Shoals:2 | Reached skill level 14 in Fighting
 20585 | Shoals:2 | Reached skill level 12 in Hexes
 20974 | Snake:1  | Entered Level 1 of the Snake Pit
 21074 | Snake:1  | Reached skill level 13 in Short Blades
 21213 | Snake:1  | Reached skill level 13 in Hexes
 21296 | Snake:2  | Lost mutation: You have hooves in place of feet. [Jiyva's
                  | grace]
 21296 | Snake:2  | Lost mutation: Armour fits poorly on your strangely shaped
                  | body. [Jiyva's grace]
 21296 | Snake:2  | Lost mutation: You have acidic saliva. [Jiyva's grace]
 21296 | Snake:2  | Lost mutation: Your body is covered in eyes which may
                  | confuse attackers. (Acc +7, SInv) [Jiyva's grace]
 21296 | Snake:2  | Lost mutation: Your translucent skin slightly reduces your
                  | foes' accuracy. (Stealth+) [Jiyva's grace]
 21296 | Snake:2  | Gained mutation: You are strong-willed. (Will+) [Jiyva's
                  | grace]
 21296 | Snake:2  | Gained mutation: You are highly strong-willed. (Will++)
                  | [Jiyva's grace]
 21296 | Snake:2  | Gained mutation: You are extremely strong-willed. (Will+++)
                  | [Jiyva's grace]
 21296 | Snake:2  | Lost mutation: You have hoof-like feet. [Jiyva's grace]
 21296 | Snake:2  | Lost mutation: You have large cloven feet. [Jiyva's grace]
 21296 | Snake:2  | Gained mutation: You have sharp toenails. [Jiyva's grace]
 21369 | Snake:2  | Found Yppuidu's Antique Weapon Emporium.
 21410 | Snake:1  | Reached skill level 3 in Shapeshifting
 21451 | Snake:2  | Found the +8 lance "Wyrmbane" {slay drac, rPois rF+ rC+
                  | AC+3}
 21541 | Snake:2  | Reached skill level 4 in Shapeshifting
 21589 | Snake:4  | Entered Level 4 of the Snake Pit
 21731 | Snake:4  | Reached XP level 18. HP: 112/112 MP: 34/36
 21741 | Snake:4  | Reached skill level 5 in Shapeshifting
 21767 | Snake:4  | Got the Anthology of Effluvium
 21834 | Snake:3  | Reached skill level 14 in Hexes
 21837 | Snake:3  | Noticed Vashnia
 21893 | Snake:3  | Reached skill level 14 in Short Blades
 21927 | Snake:3  | Killed Vashnia
 21928 | Snake:3  | Reached skill level 6 in Shapeshifting
 21951 | Snake:3  | Noticed Donald
 21958 | Snake:3  | Killed Donald
 22036 | Snake:2  | Reached skill level 7 in Shapeshifting
 22205 | Snake:4  | Reached skill level 8 in Shapeshifting
 22263 | Snake:4  | Reached skill level 15 in Hexes
 22274 | Snake:4  | Noticed Louise
 22293 | Snake:4  | Killed Louise
 22345 | Snake:4  | Lost mutation: You are extremely strong-willed. (Will+++)
                  | [Jiyva's grace]
 22345 | Snake:4  | Lost mutation: Your body has grown many eyes which may
                  | confuse attackers. (Acc +5) [Jiyva's grace]
 22345 | Snake:4  | Gained mutation: Armour fits poorly on your large
                  | pseudopods. [Jiyva's grace]
 22345 | Snake:4  | Gained mutation: Armour fits poorly on your massive
                  | pseudopods. [Jiyva's grace]
 22345 | Snake:4  | Gained mutation: Your muscles are strong. (Str +4, Int/Dex
                  | -1) [Jiyva's grace]
 22345 | Snake:4  | Gained mutation: Your muscles are very strong. (Str +8,
                  | Int/Dex -2) [Jiyva's grace]
 22498 | Snake:4  | Got a jade gem with 1392 turns to spare
 22500 | Snake:4  | Got a serpentine rune of Zot
 22890 | Snake:2  | Identified the serpent talisman "Beudghuto" {Dex+2}
 22890 | Snake:2  | Noticed Aizul
 22900 | Snake:2  | Killed Aizul
 22901 | Snake:2  | Reached skill level 9 in Shapeshifting
 23133 | Snake:1  | Found Nunev's Antique Weapon Emporium.
 23302 | Elf:1    | Entered Level 1 of the Elven Halls
 23396 | Elf:2    | Found Geirod's Magic Scroll Emporium.
 23406 | Elf:2    | Bought a scroll of blinking for 112 gold pieces
 23406 | Elf:2    | Bought a scroll of teleportation for 45 gold pieces
 23406 | Elf:2    | Bought a scroll of revelation for 112 gold pieces
 23406 | Elf:2    | Bought a scroll of vulnerability for 60 gold pieces
 23406 | Elf:2    | Bought a scroll of enchant weapon for 112 gold pieces
 23496 | Elf:3    | Entered Level 3 of the Elven Halls
 23604 | Elf:3    | Reached skill level 14 in Spellcasting
 23709 | Elf:3    | Reached skill level 15 in Stealth
 23734 | Elf:3    | Learned a level 5 spell: Silence
 23776 | Elf:3    | Identified the +8 chain mail of Geucor {rPois rF+ Int+3}
 23797 | Elf:3    | Reached skill level 16 in Hexes
 23804 | Elf:3    | Reached skill level 10 in Shapeshifting
 23804 | Elf:3    | Reached XP level 19. HP: 116/116 MP: 20/38
 23866 | Elf:3    | Identified the +7 halberd of Qemoen {freeze, Int+3 Dex+3}
 23866 | Elf:3    | Identified the +4 leather armour "Isuemupn" {Harm}
 23885 | Elf:3    | Identified the +0 plate armour of Lies {+Inv rC- Str+2}
 23905 | Elf:3    | Reached skill level 16 in Dodging
 23948 | Elf:3    | Identified the +1 hand cannon of Doxkeuh {penet, rF+ Str+3}
 23954 | Elf:3    | Got the Codex of Shifting Ignition
 23954 | Elf:3    | Got the Dissertation on Convocation
 23954 | Elf:3    | Got the Elucidation of Flashy Interference
 23954 | Elf:3    | Got a shimmering gem with 1348 turns to spare
 23974 | Elf:3    | Identified the +11 mace "Ynkuzuma" {flame, rN+ Stlth+}
 23976 | Elf:3    | Identified the +7 shortbow of Togh {elec, ^Fragile Str+3
                  | Int+4}
 23977 | Elf:3    | Identified the +3 shortbow "Vuefuruh" {flame, rPois Will+
                  | Str+2}
 23979 | Elf:3    | Identified the +1 helmet "Emajized" {rF+ Str+9}
 24008 | Elf:3    | Paralysed by an air elemental for 1 turns
 24131 | Elf:3    | Found Ogumubafof's Magic Scroll Shoppe.
 24134 | Elf:3    | Bought a scroll of teleportation for 33 gold pieces
 24134 | Elf:3    | Bought a scroll of revelation for 82 gold pieces
 24134 | Elf:3    | Bought a scroll of blinking for 82 gold pieces
 24134 | Elf:3    | Bought a scroll of enchant armour for 82 gold pieces
 24134 | Elf:3    | Bought a scroll of teleportation for 33 gold pieces
 24323 | Elf:1    | Noticed Asterion
 24326 | Elf:1    | Killed Asterion
 24350 | Elf:1    | Reached skill level 16 in Stealth
 24350 | Elf:1    | Found a huge runed translucent gate.
 24351 | Elf:1    | Found a huge runed translucent gate.
 24352 | Elf:1    | Found a huge runed translucent gate.
 24352 | Elf:1    | Found a huge runed translucent gate.
 24353 | Elf:1    | Found a huge runed translucent gate.
 24356 | Elf:1    | Found a huge runed translucent gate.
 24356 | Elf:1    | Found a huge runed translucent gate.
 24356 | Elf:1    | Found a huge runed translucent gate.
 24356 | Elf:1    | Found a huge runed translucent gate.
 24356 | Elf:1    | Found a huge runed translucent gate.
 24357 | Elf:1    | Found a huge runed translucent gate.
 24357 | Elf:1    | Found a huge runed translucent gate.
 24357 | Elf:1    | Found a huge runed translucent gate.
 24357 | Elf:1    | Found a huge runed translucent gate.
 24357 | Elf:1    | Found a huge runed translucent gate.
 24357 | Elf:1    | Found a huge runed translucent gate.
 24357 | Elf:1    | Found a huge runed translucent gate.
 24357 | Elf:1    | Found a huge runed translucent gate.
 24358 | Elf:1    | Found a huge runed translucent gate.
 24358 | Elf:1    | Found a huge runed translucent gate.
 24426 | Elf:1    | Lost mutation: Your mind is acute. (Int +4, Str/Dex -1)
                  | [Jiyva's grace]
 24426 | Elf:1    | Lost mutation: Your muscles are very strong. (Str +8,
                  | Int/Dex -2) [Jiyva's grace]
 24426 | Elf:1    | Lost mutation: Your body has grown eyes which may confuse
                  | attackers. (Acc +3) [Jiyva's grace]
 24426 | Elf:1    | Lost mutation: Armour fits poorly on your massive
                  | pseudopods. [Jiyva's grace]
 24426 | Elf:1    | Lost mutation: You have a small jelly attached to you that
                  | senses nearby items. [Jiyva's grace]
 24426 | Elf:1    | Gained mutation: Your rubbery body absorbs attacks. (AC +1,
                  | EV +1) [Jiyva's grace]
 24426 | Elf:1    | Gained mutation: Your pliable body absorbs attacks. (AC +2,
                  | EV +2) [Jiyva's grace]
 24426 | Elf:1    | Gained mutation: Your gelatinous body deflects attacks. (AC
                  | +3, EV +3) [Jiyva's grace]
 24426 | Elf:1    | Gained mutation: Your translucent skin slightly reduces
                  | your foes' accuracy. (Stealth+) [Jiyva's grace]
 24451 | Elf:1    | Noticed Agnes
 24453 | Elf:1    | Killed Agnes
 24626 | Elf:2    | Reached skill level 11 in Shapeshifting
 24697 | Elf:2    | Found a huge runed translucent gate.
 24697 | Elf:2    | Found a huge runed translucent gate.
 24697 | Elf:2    | Found a huge runed translucent gate.
 24697 | Elf:2    | Found a huge runed translucent gate.
 24697 | Elf:2    | Found a huge runed translucent gate.
 25027 | Elf:2    | Reached skill level 17 in Hexes
 25151 | Elf:2    | Reached skill level 17 in Stealth
 25163 | Elf:2    | Reached skill level 17 in Dodging
 25288 | Orc:2    | Killed Erolcha
 25382 | D:11     | You fall into a shaft and drop 3 floors!
 25416 | Vaults:1 | Entered Level 1 of the Vaults
 25449 | Vaults:1 | Found Axzeid Xojur's Magic Scroll Shoppe.
 25457 | Vaults:1 | Bought a scroll of blinking for 135 gold pieces
 25481 | Vaults:1 | Reached skill level 12 in Shapeshifting
 25764 | Vaults:2 | Noticed Xtahua
 25772 | Vaults:2 | Killed Xtahua
 25820 | Vaults:2 | Reached XP level 20. HP: 111/122 MP: 29/39
 25885 | Vaults:2 | Lost mutation: You have sharp toenails. [Jiyva's grace]
 25885 | Vaults:2 | Lost mutation: You are highly strong-willed. (Will++)
                  | [Jiyva's grace]
 25885 | Vaults:2 | Lost mutation: You are robust. (+10% HP) [Jiyva's grace]
 25885 | Vaults:2 | Lost mutation: Your gelatinous body deflects attacks. (AC
                  | +3, EV +3) [Jiyva's grace]
 25885 | Vaults:2 | Gained mutation: Your gelatinous body deflects attacks. (AC
                  | +3, EV +3) [Jiyva's grace]
 25885 | Vaults:2 | Gained mutation: You are covered in slimy tendrils that may
                  | disarm your opponents. [Jiyva's grace]
 25885 | Vaults:2 | Gained mutation: You are robust. (+10% HP) [Jiyva's grace]
 25885 | Vaults:2 | Gained mutation: You are very robust. (+20% HP) [Jiyva's
                  | grace]
 25918 | Vaults:2 | Reached skill level 15 in Spellcasting
 25924 | Vaults:2 | Reached skill level 13 in Shapeshifting
 25947 | Vaults:3 | Found Ofaca's Antique Armour Shop.
 25974 | Vaults:3 | Reached skill level 18 in Hexes
 26345 | Vaults:4 | Learned a level 5 spell: Yara's Violent Unravelling
 26350 | Vaults:4 | Learned a level 4 spell: Passage of Golubria
 26355 | Vaults:4 | Learned a level 4 spell: Manifold Assault
 26487 | Vaults:4 | Reached skill level 14 in Shapeshifting
 26511 | Vaults:4 | Reached skill level 16 in Spellcasting
 26570 | Vaults:5 | Entered Level 5 of the Vaults
 26623 | Vaults:5 | Got a silver rune of Zot
 26660 | Vaults:5 | Got a shining gem with 2912 turns to spare
 26713 | Vaults:5 | Reached skill level 15 in Shapeshifting
 26739 | Vaults:5 | Reached skill level 17 in Spellcasting
 26820 | Vaults:5 | Noticed an ancient lich
 26825 | Vaults:5 | Noticed an ancient lich
 26826 | Vaults:5 | Killed an ancient lich
 26833 | Vaults:5 | Killed an ancient lich
 26834 | Vaults:5 | Reached skill level 16 in Shapeshifting
 26860 | Vaults:5 | Identified the staff of Kopsiuk {rN+ Str+4 Stlth+ Necro}
 26905 | Vaults:5 | Noticed a golden dragon
 26921 | Vaults:5 | Noticed a dread lich
 26931 | Vaults:5 | Killed a golden dragon
 26932 | Vaults:5 | Reached XP level 21. HP: 132/138 MP: 29/43
 26939 | Vaults:5 | Killed a dread lich
 26940 | Vaults:5 | Reached skill level 18 in Spellcasting
 27078 | Vaults:5 | Identified the +4 dagger of Destruction {freeze, rPois rF+}
 27079 | Vaults:5 | Got An Early Guide to the Mind of the Magus
 27105 | Vaults:5 | Reached skill level 17 in Shapeshifting
 27261 | Vaults:5 | Identified the +2 mace of the Valley of Death {freeze,
                  | rElec rN+}
 27326 | Vaults:5 | Reached skill level 18 in Shapeshifting
 27468 | Vaults:4 | Found Dohaeto's Weapon Boutique.
 27486 | Vaults:4 | Lost mutation: Your gelatinous body deflects attacks. (AC
                  | +3, EV +3) [Jiyva's grace]
 27486 | Vaults:4 | Lost mutation: Your pliable body absorbs attacks. (AC +2,
                  | EV +2) [Jiyva's grace]
 27486 | Vaults:4 | Lost mutation: Armour fits poorly on your large pseudopods.
                  | [Jiyva's grace]
 27486 | Vaults:4 | Lost mutation: You are covered in slimy tendrils that may
                  | disarm your opponents. [Jiyva's grace]
 27486 | Vaults:4 | Gained mutation: You have a small jelly attached to you
                  | that senses nearby items. [Jiyva's grace]
 27486 | Vaults:4 | Gained mutation: Your muscles are very strong. (Str +8,
                  | Int/Dex -2) [Jiyva's grace]
 27486 | Vaults:4 | Gained mutation: Your body has grown eyes which may confuse
                  | attackers. (Acc +3) [Jiyva's grace]
 27486 | Vaults:4 | Gained mutation: Your body has grown many eyes which may
                  | confuse attackers. (Acc +5) [Jiyva's grace]
 27679 | Vaults:2 | Noticed Bai Suzhen
 27734 | Vaults:3 | Bought a steaming troll leather armour for 580 gold pieces
 27734 | Vaults:3 | Identified the +0 troll leather armour of Wisdom {rElec
                  | Regen+ Dex+5} (You bought it in a shop on level 3 of the
                  | Vaults)
 27794 | Vaults:3 | Found a staircase to the Crypt.
 27805 | Crypt:1  | Entered Level 1 of the Crypt
 27942 | Crypt:1  | Noticed Khufu
 27975 | Crypt:1  | Killed Khufu
 27976 | Crypt:1  | Reached skill level 19 in Shapeshifting
 28116 | Crypt:1  | Found a magical portal.
 28123 | WizLab   | Entered Tukima's Studio
 28237 | Crypt:3  | Entered Level 3 of the Crypt
 28276 | Crypt:2  | Lost mutation: Your muscles are very strong. (Str +8,
                  | Int/Dex -2) [Jiyva's grace]
 28276 | Crypt:2  | Lost mutation: Your translucent skin slightly reduces your
                  | foes' accuracy. (Stealth+) [Jiyva's grace]
 28276 | Crypt:2  | Gained mutation: You are resistant to electric shocks.
                  | (rElec) [Jiyva's grace]
 28276 | Crypt:2  | Gained mutation: You are extremely robust. (+30% HP)
                  | [Jiyva's grace]
 28276 | Crypt:2  | Gained mutation: You have a pair of small antennae on your
                  | head. [Jiyva's grace]
 28276 | Crypt:2  | Gained mutation: You have a pair of antennae on your head.
                  | [Jiyva's grace]
 28408 | Crypt:3  | Reached skill level 19 in Hexes
 28695 | Crypt:3  | Identified the ring "Juf Giqi" {Ice rPois MP+9 SInv Stlth-}
 28695 | Crypt:3  | Noticed Josephina
 28743 | Crypt:3  | Killed Josephina
 28893 | Crypt:3  | Reached skill level 20 in Shapeshifting
 28951 | Crypt:3  | Identified the orb of Decompression {*channel, Int+4 Dex+3}
 28951 | Crypt:3  | Noticed Frederick
 28962 | Crypt:3  | Killed Frederick
 28963 | Crypt:3  | Reached XP level 22. HP: 133/156 MP: 35/45
 28979 | Crypt:3  | Learned a level 8 spell: Discord
 29035 | Crypt:3  | Found an ancient bone altar of Kikubaaqudgha.
 29037 | Crypt:3  | Noticed an ancient lich
 29046 | Crypt:3  | Killed an ancient lich
 29092 | Crypt:3  | Got the Commentary on the Crypt and the Birds
 29094 | Crypt:3  | Got an ivory gem with 932 turns to spare
 29300 | Crypt:3  | Reached skill level 20 in Hexes
 29483 | Crypt:3  | Found a staircase to the Tomb.
 29494 | Tomb:1   | Entered Level 1 of the Tomb of the Ancients
 29594 | Tomb:1   | Reached skill level 21 in Shapeshifting
 29607 | Tomb:1   | Noticed a royal mummy
 29638 | Tomb:1   | Killed a royal mummy
 29672 | Tomb:1   | Noticed a royal mummy
 29685 | Tomb:1   | Noticed a royal mummy
 29686 | Tomb:1   | Killed a royal mummy
 29696 | Tomb:1   | Killed a royal mummy
 29819 | Tomb:3   | Entered Level 3 of the Tomb of the Ancients
 29821 | Tomb:3   | Noticed a royal mummy
 29822 | Tomb:3   | Noticed a royal mummy
 29823 | Tomb:3   | Noticed a royal mummy
 29823 | Tomb:3   | Noticed a royal mummy
 29823 | Tomb:3   | Noticed a royal mummy
 29823 | Tomb:3   | Noticed a royal mummy
 29823 | Tomb:3   | Noticed a royal mummy
 29823 | Tomb:3   | Noticed a royal mummy
 29824 | Tomb:3   | Reached skill level 22 in Shapeshifting
 29830 | Tomb:3   | Got a golden rune of Zot
 29830 | Tomb:3   | Got a sanguine gem with 1573 turns to spare
 29830 | Tomb:3   | Noticed a royal mummy
 29832 | Tomb:3   | Killed a royal mummy
 29833 | Tomb:3   | Reached skill level 21 in Hexes
 29833 | Tomb:3   | Killed a royal mummy
 29843 | Tomb:3   | Killed a royal mummy
 29845 | Tomb:3   | Killed a royal mummy
 29853 | Tomb:3   | Killed a royal mummy
 29855 | Tomb:3   | Killed a royal mummy
 29856 | Tomb:3   | Reached skill level 23 in Shapeshifting
 29862 | Tomb:3   | Killed a royal mummy
 29863 | Tomb:3   | Killed a royal mummy
 29864 | Tomb:3   | Killed a royal mummy
 29865 | Tomb:3   | Reached XP level 23. HP: 161/161 MP: 21/46
 30218 | Crypt:2  | Reached skill level 22 in Hexes
 30417 | Crypt:2  | Reached skill level 19 in Spellcasting
 30453 | Crypt:1  | Found a basalt altar of Yredelemnul.
 30644 | Vaults:1 | Bought a scroll of blinking for 135 gold pieces
 30644 | Vaults:1 | Bought a scroll of revelation for 135 gold pieces
 30644 | Vaults:1 | Bought a scroll of fear for 72 gold pieces
 30647 | Vaults:1 | Learned a level 2 spell: Blink
 30719 | D:15     | Found a staircase to the Depths.
 30729 | D:15     | Got a smoky gem with 949 turns to spare
 30733 | Depths:1 | Entered Level 1 of the Depths
 30733 | Depths:1 | Found a gateway to Hell.
 30744 | Depths:1 | Acquired 1293 gold pieces
 30767 | Depths:1 | Reached skill level 18 in Dodging
 30775 | Depths:1 | Acquired 419 gold pieces
 30788 | Depths:1 | Identified the +9 falchion of Proximity {holy, rPois Will+
                  | Str+3}
 30805 | Depths:2 | Noticed Nikola
 30816 | Depths:2 | Killed Nikola
 30832 | Depths:2 | Noticed Saint Roka
 30899 | Depths:2 | Found a transporter.
 30900 | Depths:2 | Found a shimmering blue altar of Sif Muna.
 30951 | Depths:2 | Found a transporter.
 30952 | Depths:2 | Found a one-way gate leading to the halls of Pandemonium.
 30963 | Depths:2 | Noticed the Enchantress
 30990 | Depths:2 | Killed the Enchantress
 31000 | Depths:2 | Killed Saint Roka
 31067 | Depths:2 | Reached skill level 19 in Dodging
 31067 | Depths:2 | Reached skill level 20 in Spellcasting
 31083 | Depths:3 | Found a one-way gateway to a ziggurat.
 31090 | Depths:3 | Reached skill level 1 in Summonings
 31115 | Depths:3 | Reached skill level 2 in Summonings
 31128 | Depths:3 | Found a transporter.
 31136 | Depths:3 | Noticed a juggernaut
 31170 | Zig:1    | Entered Level 1 of a ziggurat
 31181 | Zig:2    | Entered Level 2 of a ziggurat
 31193 | Zig:3    | Entered Level 3 of a ziggurat
 31204 | Zig:3    | Reached skill level 15 in Fighting
 31204 | Zig:3    | Reached skill level 3 in Summonings
 31213 | Zig:3    | Identified the ring "Conedass" {Ice Will+}
 31217 | Zig:4    | Entered Level 4 of a ziggurat
 31236 | Zig:5    | Entered Level 5 of a ziggurat
 31259 | Zig:6    | Entered Level 6 of a ziggurat
 31266 | Zig:6    | Noticed a caustic shrike
 31272 | Zig:6    | Killed a caustic shrike
 31273 | Zig:6    | Reached skill level 4 in Summonings
 31287 | Zig:6    | Identified the ring "Buoc Keu" {Str+6 Stlth+}
 31300 | Zig:6    | Reached skill level 7 in Summonings
 31300 | Zig:6    | Reached XP level 24. HP: 171/171 MP: 48/48
 31307 | Zig:7    | Entered Level 7 of a ziggurat
 31341 | Zig:8    | Entered Level 8 of a ziggurat
 31347 | Zig:8    | Found the +10 dark maul {heavy}
 31358 | Zig:8    | Reached XP level 25. HP: 150/176 MP: 22/48
 31388 | Zig:9    | Entered Level 9 of a ziggurat
 31417 | Zig:9    | Reached skill level 8 in Summonings
 31440 | Zig:9    | Reached skill level 10 in Summonings
 31440 | Zig:9    | Reached XP level 26. HP: 184/184 MP: 42/48
 31450 | Zig:10   | Entered Level 10 of a ziggurat
 31459 | Abyss:3  | Cast into level 3 of the Abyss (spatial maelstrom)
 31663 | Abyss:3  | Reached skill level 20 in Dodging
 31681 | Abyss:3  | Got an abyssal rune of Zot
 31753 | Abyss:3  | Reached skill level 16 in Fighting
 31755 | Zig:10   | Escaped the Abyss
 31801 | Zig:10   | Reached skill level 21 in Spellcasting
 31809 | Zig:10   | Identified the ring "Leom Ber" {EV+5 Int+4}
 31810 | Zig:10   | Identified the staff of Greatest Utility {rF+ Int+3 Fire}
 31812 | Zig:11   | Entered Level 11 of a ziggurat
 31825 | Zig:11   | Reached skill level 11 in Summonings
 31894 | Zig:11   | Identified the +5 dagger of Lenoumos {elec, Fly Stlth+}
 31907 | Zig:11   | Identified the +7 trident of Harmony {freeze, rCorr Str+2}
 31913 | Zig:12   | Entered Level 12 of a ziggurat
 31920 | Zig:12   | Noticed a royal mummy
 31931 | Zig:12   | Killed a royal mummy
 31979 | Zig:12   | Identified the +6 rapier of Pandemonium {drain, Dex+4}
 31980 | Zig:12   | Identified the ring "Yqeat" {Str+3 Dex+6}
 31990 | Zig:12   | Identified the staff of the Secret Suns {rC+ Will++ Str+4
                  | Stlth- Ice}
 31995 | Zig:13   | Entered Level 13 of a ziggurat
 32011 | Zig:13   | Identified the ring of Brilliance {Wiz MP+9 Int+2}
 32015 | Zig:13   | Identified the ring of Trepidation {Fly Int+3}
 32017 | Zig:13   | Identified the +2 plate armour of Esiham {rF+ rC+ Int-2
                  | Dex+2}
 32019 | Zig:14   | Entered Level 14 of a ziggurat
 32035 | Zig:14   | Identified the ring of Pocwoexo {Fire ^Drain +Blink rPois
                  | Stlth+}
 32037 | Zig:14   | Identified the ring "Moschiot" {Wiz rF+ rN+ Str-2 Stlth+}
 32043 | Zig:15   | Entered Level 15 of a ziggurat
 32053 | Zig:15   | Noticed a dread lich
 32053 | Zig:15   | Found the +7 mace of Variability {chaos, chaos arc}
 32053 | Zig:15   | Noticed a dread lich
 32054 | Zig:15   | Noticed a dread lich
 32058 | Zig:15   | Killed a dread lich
 32074 | Zig:15   | Killed a dread lich
 32075 | Zig:15   | Reached skill level 12 in Summonings
 32077 | Zig:15   | Killed a dread lich
 32113 | Zig:16   | Entered Level 16 of a ziggurat
 32121 | Zig:16   | Noticed Yhusu's ghost (legendary DsCj)
 32122 | Zig:16   | Noticed Xiejaus's ghost (legendary VSFi)
 32122 | Zig:16   | Noticed Yhusu's ghost (legendary DsCj)
 32122 | Zig:16   | Noticed Xiejaus's ghost (legendary VSFi)
 32122 | Zig:16   | Noticed Yhusu's ghost (legendary DsCj)
 32124 | Zig:16   | Noticed Xiejaus's ghost (legendary VSFi)
 32125 | Zig:16   | Noticed Xiejaus's ghost (legendary VSFi)
 32125 | Zig:16   | Found the +8 storm bow {elec, penet}
 32130 | Zig:16   | Reached skill level 17 in Fighting
 32130 | Zig:16   | Reached skill level 21 in Dodging
 32135 | Zig:16   | Identified the amulet "Potounou" {Regen+ Str+3}
 32165 | Zig:16   | Identified the ring of Cenwo {Str+5 Dex+6 Stlth+}
 32168 | Zig:16   | Identified the staff of Moral Flaws {^Fragile rPois rN+++
                  | Will+ Summ Alchemy}
 32172 | Zig:17   | Entered Level 17 of a ziggurat
 32205 | Zig:17   | Noticed Cottioqed the pandemonium lord
 32208 | Zig:17   | Noticed Viapal the pandemonium lord
 32209 | Zig:17   | Noticed Lixopuh the pandemonium lord
 32209 | Zig:17   | Noticed Nihofim the pandemonium lord
 32210 | Zig:17   | Noticed Omoacvo the pandemonium lord
 32210 | Zig:17   | Noticed Louko the pandemonium lord
 32211 | Zig:17   | Killed Cottioqed the pandemonium lord
 32214 | Zig:17   | Killed Viapal the pandemonium lord
 32220 | Zig:17   | Killed Lixopuh the pandemonium lord
 32233 | Zig:17   | Killed Louko the pandemonium lord
 32263 | Zig:17   | Killed Omoacvo the pandemonium lord
 32271 | Zig:17   | Killed Nihofim the pandemonium lord
 32290 | Zig:17   | Reached skill level 13 in Summonings
 32290 | Zig:17   | Reached XP level 27. HP: 195/195 MP: 49/49
 32299 | Zig:17   | Got the Handbook of Synthesis
 32300 | Zig:17   | Identified the +5 scimitar of Qoydudast {pain, Will++ Str-5
                  | Dex+2 Stlth+}
 32303 | Zig:18   | Entered Level 18 of a ziggurat
 32317 | Zig:18   | Reached skill level 22 in Spellcasting
 32371 | Zig:18   | Identified the amulet of Tiuf {Acrobat ^Contam Slay+5}
 32372 | Zig:18   | Identified the amulet "Pedylaq" {RegenMP rF+ Will+ Dex-3
                  | Stlth+}
 32382 | Zig:18   | Reached skill level 14 in Summonings
 32389 | Zig:19   | Entered Level 19 of a ziggurat
 32418 | Zig:19   | Reached skill level 22 in Dodging
 32420 | Zig:19   | Reached skill level 18 in Fighting
 32438 | Zig:19   | Identified the staff "Grim Tooth" {rF+ rN+ SInv Fire
                  | Alchemy}
 32439 | Zig:19   | Identified the ring of Benierch {Fly Str+5 SInv}
 32441 | Zig:19   | Identified the ring of Beauty {Fly Will++ Int+4 Dex-2}
 32475 | Zig:19   | Learned a level 8 spell: Summon Horrible Things
 32483 | Zig:19   | Learned a level 7 spell: Malign Gateway
 32487 | Zig:20   | Entered Level 20 of a ziggurat
 32505 | Zig:20   | Reached skill level 15 in Summonings
 32532 | Zig:20   | Got the Spellbook of the Quarry
 32560 | Zig:20   | Identified the +6 ring mail of the Zealous God {-Tele rElec
                  | rF+ Regen+}
 32573 | Zig:20   | Identified the amulet of the Castellan {Acrobat rN+}
 32577 | Zig:21   | Entered Level 21 of a ziggurat
 32607 | Zig:21   | Reached skill level 23 in Spellcasting
 32609 | Zig:21   | Reached skill level 16 in Summonings
 32642 | Zig:21   | Acquired the +7 Spriggan's Knife {stab, EV+4 Stlth+}
 32642 | Zig:21   | Found the +7 Spriggan's Knife {stab, EV+4 Stlth+}
 32647 | Zig:21   | Identified the +2 glaive of Prudence {speed, rPois Str+3
                  | Int+2 Dex-5}
 32653 | Zig:21   | Identified the +2 helmet of the Imp {+Inv rElec Dex+4}
 32674 | Zig:21   | Got the Octavo of Forceful Lithomancy
 32705 | Zig:21   | Learned a level 4 spell: Vhi's Electric Charge
 32706 | Zig:22   | Entered Level 22 of a ziggurat
 32757 | Zig:22   | Reached skill level 23 in Dodging
 32802 | Zig:22   | Killed a starcursed mass
 32808 | Zig:22   | Identified the ring "Ugyrofos" {Wiz rPois rCorr Int+2}
 32811 | Zig:22   | Got the Compilation of Indecent Exposure
 32847 | Zig:22   | Reached skill level 17 in Summonings
 32939 | Pan      | Entered Pandemonium
 32980 | Pan      | Learned a level 5 spell: Irradiate
 32993 | Pan      | Noticed Omon the pandemonium lord
 32996 | Pan      | Got a demonic rune of Zot
 32997 | Pan      | Killed Omon the pandemonium lord
 33001 | Pan      | Reached skill level 1 in Conjurations
 33140 | Pan      | Entered the realm of Lom Lobon.
 33159 | Pan      | Reached skill level 2 in Conjurations
 33213 | Pan      | Reached skill level 19 in Fighting
 33244 | Pan      | Noticed Lom Lobon
 33247 | Pan      | Got a magical rune of Zot
 33264 | Pan      | Killed Lom Lobon
 33265 | Pan      | Reached skill level 3 in Conjurations
 33419 | Pan      | Entered the realm of Gloorx Vloq.
 33449 | Pan      | Found an exit through the horrors of the Abyss.
 33544 | Pan      | Noticed Gloorx Vloq
 33556 | Pan      | Killed Gloorx Vloq
 33557 | Pan      | Reached skill level 4 in Conjurations
 33557 | Pan      | Reached skill level 18 in Summonings
 33625 | Pan      | Got a dark rune of Zot
 33932 | Pan      | Noticed Wishurph the pandemonium lord
 33989 | Pan      | Found an exit through the horrors of the Abyss.
 34232 | Pan      | Found a transporter.
 34283 | Pan      | Entered the realm of Cerebov.
 34327 | Pan      | Reached skill level 5 in Conjurations
 34463 | Pan      | Reached skill level 24 in Spellcasting
 34509 | Pan      | Found the +6 sword of Cerebov {flame}
 34509 | Pan      | Noticed Cerebov
 34532 | Pan      | Reached skill level 6 in Conjurations
 34535 | Pan      | Killed Cerebov
 34536 | Pan      | Reached skill level 24 in Shapeshifting
 34588 | Pan      | Identified the ring "Amemp" {*Slow Fly rElec MP+9 Slay+5}
 34598 | Pan      | Got a fiery rune of Zot
 34872 | Pan      | Reached skill level 20 in Fighting
 34923 | Pan      | Found a huge runed translucent gate.
 34924 | Pan      | Found a huge runed translucent gate.
 34925 | Pan      | Found a huge runed translucent gate.
 34925 | Pan      | Found a huge runed translucent gate.
 34925 | Pan      | Found a huge runed translucent gate.
 34925 | Pan      | Found a huge runed translucent gate.
 34927 | Pan      | Found a huge runed translucent gate.
 34941 | Pan      | Noticed Quogin the pandemonium lord
 34953 | Pan      | Killed Quogin the pandemonium lord
 35074 | Pan      | Noticed Nezxohib the pandemonium lord
 35095 | Pan      | Entered the realm of Mnoleg.
 35197 | Pan      | Reached skill level 25 in Shapeshifting
 35365 | Pan      | Noticed Mnoleg
 35392 | Pan      | Killed Mnoleg
 35415 | Pan      | Reached skill level 26 in Shapeshifting
 35486 | Pan      | Got a glowing rune of Zot
 35660 | Pan      | Found a runed translucent door.
 35665 | Pan      | Found a runed translucent door.
 35674 | Pan      | Found a runed translucent door.
 35676 | Pan      | Found a runed translucent door.
 35723 | Pan      | Noticed Ulirpha the pandemonium lord
 35730 | Pan      | Killed Ulirpha the pandemonium lord
 35772 | Pan      | Found an exit through the horrors of the Abyss.
 35781 | Pan      | Took an exit into the Abyss.
 35781 | Abyss:3  | Escaped into the Abyss
 35800 | Depths:2 | Escaped the Abyss
 35811 | Hell     | Entered the Vestibule of Hell
 35811 | Hell     | Noticed Geryon
 35822 | Hell     | Killed Geryon
 35901 | Hell     | Found a gateway to the decaying netherworld of Tartarus.
 35910 | Tar:1    | Entered Level 1 of Tartarus
 36058 | Tar:3    | Noticed a dread lich
 36061 | Tar:3    | Paralysed by a dread lich for 2 turns
 36076 | Tar:3    | Killed a dread lich
 36077 | Tar:3    | Reached skill level 27 in Shapeshifting
 36247 | Tar:4    | Reached skill level 18 in Stealth
 36358 | Tar:5    | You are sucked into a shaft and drop 1 floor!
 36402 | Tar:7    | Entered Level 7 of Tartarus
 36533 | Tar:7    | Reached skill level 19 in Stealth
 36657 | Tar:7    | Noticed Ereshkigal
 36672 | Tar:7    | Killed Ereshkigal
 36685 | Tar:7    | Got a bone rune of Zot
 36734 | Tar:7    | Reached skill level 20 in Stealth
 36820 | Hell     | Found a gateway to the freezing wastes of Cocytus.
 36855 | Coc:1    | Entered Level 1 of Cocytus
 36883 | Coc:1    | Reached skill level 24 in Dodging
 36938 | Coc:1    | Reached skill level 25 in Spellcasting
 36972 | Coc:4    | Reached skill level 21 in Stealth
 37054 | Coc:5    | You fall into a shaft and drop 1 floor!
 37099 | Coc:6    | Reached skill level 22 in Stealth
 37126 | Coc:7    | Entered Level 7 of Cocytus
 37346 | Coc:7    | Reached skill level 23 in Stealth
 37351 | Coc:7    | Reached skill level 19 in Summonings
 37461 | Coc:7    | Reached skill level 25 in Dodging
 37586 | Coc:7    | Noticed Antaeus
 37603 | Coc:7    | Reached skill level 24 in Stealth
 37610 | Coc:7    | Got an icy rune of Zot
 37620 | Coc:7    | Killed Antaeus
 37655 | Coc:7    | Found the -2 hat of the Alchemist {rElec rPois rF+ rC+ rN+
                  | Will+ rMut rCorr}
 37712 | Coc:7    | Reached skill level 26 in Spellcasting
 37771 | Hell     | Found a gateway to the Iron City of Dis.
 37780 | Dis:1    | Entered Level 1 of the Iron City of Dis
 38064 | Dis:7    | Entered Level 7 of the Iron City of Dis
 38437 | Dis:7    | Reached skill level 25 in Stealth
 38592 | Dis:7    | Reached skill level 26 in Dodging
 38663 | Dis:7    | Learned a level 5 spell: Lee's Rapid Deconstruction
 38950 | Dis:7    | Noticed Dispater
 38952 | Dis:7    | Noticed a juggernaut
 38957 | Dis:7    | Killed Dispater
 38961 | Dis:7    | Killed a juggernaut
 38978 | Dis:7    | Found the brooch of Shielding {Spirit SH+8}
 38982 | Dis:7    | Got an iron rune of Zot
 39179 | Hell     | Reached skill level 20 in Summonings
 39198 | Hell     | Found a gateway to the ashen valley of Gehenna.
 39211 | Geh:1    | Entered Level 1 of Gehenna
 39343 | Geh:2    | Reached skill level 26 in Stealth
 39530 | Geh:3    | You fall into a shaft and drop 3 floors!
 39711 | Geh:6    | Reached skill level 27 in Stealth
 39747 | Geh:7    | Entered Level 7 of Gehenna
 39879 | Geh:7    | Found the ring of the Tortoise {AC+8}
 39892 | Geh:7    | Identified the ring of Dim Light {Will+ Str+6 Dex+6}
 39893 | Geh:7    | Identified the ring "Xoled" {rF- rC+ rN+ Int+5}
 39945 | Geh:7    | Reached skill level 21 in Summonings
 40096 | Geh:7    | Noticed the Serpent of Hell
 40099 | Geh:7    | Killed the Serpent of Hell
 40223 | Geh:7    | Found the +13 sceptre of Asmodeus
 40223 | Geh:7    | Noticed Asmodeus
 40313 | Geh:7    | Killed Asmodeus
 40329 | Geh:7    | Got an obsidian rune of Zot
 40524 | Depths:4 | Entered Level 4 of the Depths
 40524 | Depths:4 | Noticed Parghit
 40532 | Depths:4 | Killed Parghit
 40533 | Depths:4 | Reached skill level 22 in Summonings
 40564 | Depths:4 | Found Roib's Antique Armour Shop.
 40598 | Depths:4 | Found a gate to the Realm of Zot.
 40611 | Depths:4 | Noticed Vv
 40622 | Depths:4 | Killed Vv
 40639 | Depths:4 | Got a midnight gem with 2555 turns to spare
 40641 | Zot:1    | Entered Level 1 of the Realm of Zot
 40802 | Zot:5    | Entered Level 5 of the Realm of Zot
 40874 | Zot:5    | Got a prismatic gem with 847 turns to spare
 40882 | Zot:5    | Reached skill level 23 in Summonings
 40910 | Zot:5    | Noticed a dread lich
 40914 | Zot:5    | Noticed an orb of fire
 40914 | Zot:5    | Noticed a dread lich
 40926 | Zot:5    | Got the Orb of Zot
 41433 | D:$      | Escaped with the Orb!

Illustrated notes

Levels and vault maps discovered:
D:1:      dpeg_arrival_boxes_within_box, layout_basic, serial_shops,
          nicolae_shop_crystal, chequers_serial_rivers_micro_a
D:2:      layout_basic, serial_shops, nicolae_shop_advertising_works
          [nicolae_subvault_shop_adworks]
D:3:      layout_loops_ring, nicolae_qazlal_scattered_showers,
          dreamdust_princess_corridor, palyth_stone_intersect
D:4:      corexii_shantytown, layout_basic, kennysheep_slug_shrine
D:5:      layout_cave_pools, mainiacjoe_overflow_two_lobes,
          kennysheep_small_circle
D:6:      layout_rooms, makhleb_blood_cavern_becter, serial_shops,
          shop_fountains
D:7:      layout_cave_pools, kennysheep_mini_moat, amcnicky_altar_gilded,
          general_overflow_altar, temple_hall, uniq_pikel
D:8:      layout_gridville, okawaru_metal_pillars_3, kennysheep_generic_room_2,
          uniq_maggie
D:9:      layout_stronghold, mainiacjoe_overflow_brackets, lair_entry_dummy,
          jiyva_altar_1
D:10:     layout_long_grid, mainiacjoe_overflow_catwalk, orc_0_dummy,
          serial_shops, shop_statue, special_room [special_room_bee],
          uniq_maurice
D:11:     layout_rooms, serial_nicolae_subway, nicolae_sub_station_metal,
          nicolae_sub_station_stone, nicolae_sub_station_crystal, uniq_fannar
D:12:     layout_long_grid, uniq_lodul
D:13:     layout_loops_ring
D:14:     minmay_nested_s, layout_basic, lightli_vaults_fourway_checkpoint,
          serial_shops, nicolae_shop_back_alley_shop, nicolae_shop_peninsula,
          nicolae_shop_waterfront, nicolae_shop_hallway_stairs,
          chequers_serial_rivers_large_a, st_stairs_4
D:15:     gammafunk_enter_depths_forms, layout_cave_pools, solitary_fountain,
          hangedman_decor_opposing
Temple:   hellmonk_temple_divided_pantheon
Lair:1:   layout_gridlike, hangedman_lair_generics_rect, uniq_jeremiah
Lair:2:   layout_regular_city, shoals_dummy_entry,
          nicolae_snake_entry_warm_welcome, bobbens_dragon_lair_wall
Lair:3:   layout_cave_pods, beast_lair_carwin_11, grunt_megastairs_4
Lair:4:   layout_regular_city, minmay_slime_entry_oklob_enclosed,
          gauntlet_entry_generic, serial_bayou_shore_a
Lair:5:   hellmonk_lair_end_abyssal_woods, layout_loops_ring, wad_woods_road_02
Shoals:1: cheibrodos_shoals_baths, layout_shoals
Shoals:2: cheibrodos_shoals_satyrical_garden, layout_shoals,
          gammafunk_ghost_tricky_traps, nicolae_shoals_shepherds,
          uniq_polyphemus
Shoals:3: layout_shoals, gammafunk_ghost_necromancy
Shoals:4: shoals_end_grunt_ice, layout_shoals,
          portal_ice_cave_entry_frozen_things,
          nicolae_shoals_lost_giant_pillars, nicolae_shop_clearance
Snake:1:  layout_chambers, serial_shops, shop, basic_altar, nicolae_letterblocks
          [nicolae_letter_subblock, nicolae_letter_subblock,
          nicolae_letter_subblock, nicolae_letter_subblock,
          nicolae_letter_subblock, nicolae_letter_subblock,
          nicolae_letter_subblock, nicolae_letter_subblock,
          nicolae_letter_subblock, nicolae_letter_subblock,
          nicolae_letter_subblock, nicolae_letter_subblock,
          nicolae_letter_subblock, nicolae_letter_subblock,
          nicolae_letter_subblock, nicolae_letter_subblock,
          nicolae_letter_subblock, nicolae_letter_subblock,
          nicolae_letter_subblock, nicolae_letter_subblock,
          nicolae_letter_subblock, nicolae_letter_subblock,
          nicolae_letter_subblock, nicolae_letter_subblock,
          nicolae_letter_subblock], nicolae_triple_integral
Snake:2:  layout_layer_cave, serial_shops, shop, uniq_aizul
Snake:3:  layout_grid_shapes, serial_shops, shop, special_room, uniq_jorgrun,
          uniq_donald, uniq_vashnia
Snake:4:  minmay_snake_end_coiled, layout_chambers, grunt_megastairs_3,
          serial_bayou_shore_b, uniq_louise
Slime:1:  layout_caves, nicolae_slime_phagocytosis
Slime:2:  layout_caves
Slime:3:  layout_caves
Slime:4:  layout_caves
Slime:5:  slime_pit
Orc:1:    layout_caves, ebering_ghost_reflecting_pool, special_room
          [special_room_orc]
Orc:2:    st_orc_pillars, layout_diamond_mine, gammafunk_ghost_stat_death,
          basic_altar, uniq_urug, uniq_erolcha, uniq_snorg
Elf:1:    nicolae_elf_arrival_no_cutting_in_line, layout_geoelf_diagonals,
          hangedman_elf_represent, amcnicky_mini_corridor_feature, drop_trap,
          uniq_agnes, uniq_asterion
Elf:2:    elven_hall_of_blades_hangedman_alternative [nicolae_blade_tridents],
          layout_geoelf_grid, serial_shops, nicolae_shop_getting_attention
Elf:3:    minmay_elf_hall_statues, layout_geoelf_grid, serial_shops,
          nicolae_shop_pleasant_corner_grove
Vaults:1: nicolae_vaults_branching_niches, nicolae_vaults_trapezoid_2,
          hangedman_vaults_pinch, nicolae_vaults_offset_grid_hallway_3,
          nicolae_vaults_stepped_doors, hangedman_vaults_impose,
          nicolae_vaults_offset_grid_hallway_2, v_rooms_3, vaults_dpeg_diagonal,
          ontoclasm_vaults_ligature, nicolae_vaults_storage_closets_1,
          layout_vaults_omnibox, serial_shops, shop
Vaults:2: nicolae_vaults_house_3, nicolae_vaults_lightning_bolt,
          nicolae_vaults_frosty_reception, nicolae_vaults_alarming,
          ontoclasm_vaults_fault, hangedman_vaults_hat, nicolae_vaults_house_2,
          nicolae_vaults_turnstiles, vaults_dpeg_emergency_exit,
          ontoclasm_vaults_ring_square, ontoclasm_vaults_chip,
          nicolae_vaults_shelves_hall, layout_vaults_ring, uniq_mennas,
          uniq_xtahua, uniq_bai_suzhen
Vaults:3: minmay_crypt_entry_vampire_xt, vaults_dpeg_encased_lava,
          nicolae_vaults_closet_pinwheel_1, nicolae_vaults_border_crossing,
          ontoclasm_vaults_loading_screen, layout_vaults_big_room, serial_shops,
          shop
Vaults:4: vaults_standard_mumra_x, nicolae_vaults_closet_pinwheel_2,
          v_pattern_4, v_misc_15, nicolae_vaults_tetromino_T_2,
          nicolae_vaults_triangles, v_misc_18, layout_vaults_quadrants,
          serial_shops, shop
Vaults:5: serial_shops
Crypt:1:  layout_chaotic_city, basic_altar, mu_enter_wizlab_1,
          grunt_crypt_arrival_guarded_gate, uniq_khufu
Crypt:2:  layout_gridlike, special_room [special_room_morgue]
Crypt:3:  quadcrypt_mu, uniq_josephina, uniq_frederick
Tomb:1
Tomb:2
Tomb:3
Depths:1: layout_forbidden_donut, hell_entry, dk_noncrumbling_2,
          grunt_pan_entry_spiral, horrible_house_mu
Depths:2: gammafunk_sealed_library, layout_gridville, kennysheep_cross_room,
          pan_entry, hell_entry, minmay_staircase_bubble, uniq_enchantress,
          uniq_saint_roka, uniq_nikola
Depths:3: gammafunk_sealed_arena, layout_cross, enter_ziggurat_d,
          xom_teletrap_fun, grunt_hell_entry_dis_mu,
          hangedman_abyss_entry_splay, minmay_staircase_windowed_small
Depths:4: evilmike_zot_entry_argh, layout_cave_shapes, serial_shops,
          nicolae_shop_pleasant_corner_grove, hangedman_geh_valley,
          minmay_shop_grove, uniq_vv, uniq_parghit
Hell
Dis:1:    layout_subdivisions
Dis:2:    layout_gridville
Dis:3:    layout_jigsaw
Dis:4:    layout_gridville, nicolae_hells_hurtin_island
Dis:5:    layout_subdivisions
Dis:6:    layout_subdivisions, nicolae_dis_emergency_hatch
Dis:7:    dis_st
Geh:1:    layout_gehenna_pools_basic
Geh:2:    layout_gehenna_lava_caves
Geh:3:    layout_gehenna_lava_caves
Geh:6:    nicolae_geh_realm_of_the_lava_sea
Geh:7:    evilmike_geh
Coc:1:    nicolae_coc_three_more_mouths, layout_cocytus_water_paths
Coc:2:    layout_cocytus_water_paths
Coc:3:    layout_ice_bergs
Coc:4:    layout_cocytus_delve
Coc:5:    layout_cocytus_water_paths
Coc:6:    layout_cocytus_water_paths
Coc:7:    coc_grunt_cove [coc_grunt_cove_antaeus, coc_grunt_cove_fiend,
          coc_grunt_cove_fiend, coc_grunt_cove_fiend, coc_grunt_cove_fiend]
Tar:1:    nicolae_tar_fifth_circle, layout_cathedral_of_symmetry,
          nicolae_tar_grid_combs
Tar:2:    layout_honeycomb
Tar:3:    layout_honeycomb
Tar:4:    layout_cathedral_of_symmetry
Tar:5:    layout_catacombs
Tar:6:    layout_honeycomb
Tar:7:    tar_old
Zot:1:    layout_gridville, grunt_ministairs_9
Zot:2:    grunt_twist_and_shout, layout_onion, ebering_ghost_reflecting_pool
Zot:3:    layout_basic, grunt_megastairs_2
Zot:4:    layout_onion_interference
Zot:5:    layout_twisted_circle

Skill      XL: |  1  2  3  4  5  6  7  8  9 10 11 12 13 14 15 16 17 18 19 20 21 22 23 24 25 26 27 |
---------------+----------------------------------------------------------------------------------+-----
Spellcasting   | 3 4 6 7 8 10 11 12 13 14 17 18 20 21 26 | 26.9
Hexes          | 4 5 6 7 8 9 10 11 13 16 17 18 19 21 22 | 22.0
Ice Magic      | 1 2 3 4 5 |  5.7
Fighting       | 1 3 4 5 6 7 8 11 13 14 15 17 20 | 20.0
Dodging        | 3 5 7 9 10 12 13 14 15 17 19 21 26 | 26.9
Stealth        | 5 7 9 10 11 12 14 15 17 27 | 27.0
Short Blades   | 2 7 10 11 13 14 | 14.0
Shields        | 2 |  2.1
Evocations     | 3 6 8 10 | 10.0
Translocations | 1 4 8 10 | 10.0
Shapeshifting  | 1 2 4 10 12 16 20 23 27 | 27.0
Earth Magic    | 1 2 5 6 |  6.0
Summonings     | 7 10 13 23 | 23.0
Conjurations   | 6 |  6.0

Action                     |  1- 3 |  4- 6 |  7- 9 | 10-12 | 13-15 | 16-18 | 19-21 | 22-24 | 25-27 || total
---------------------------+-------+-------+-------+-------+-------+-------+-------+-------+-------++-------
  Melee: Dagger            |   103 |       |       |       |   410 |     2 |       |       |       ||   515
         Punch             |     1 |       |     4 |       |       |       |       |       |       ||     5
         Short sword       |    27 |   118 |   200 |   338 |   112 |       |       |       |       ||   795
         Kick              |       |       |       |    28 |   137 |   390 |   186 |       |       ||   741
         Pseudopods        |       |       |       |       |    32 |   241 |   458 |   196 |  1212 ||  2139
         Quick blade       |       |       |       |       |       |   963 |  1494 |   496 |  2177 ||  5130
         Bite              |       |       |       |       |       |    73 |       |       |       ||    73
         Knife             |       |       |       |       |       |       |       |       |   579 ||   579
  Throw: Dart              |       |     6 |     1 |       |       |       |       |       |     3 ||    10
         Throwing net      |       |       |       |       |       |       |    19 |     2 |     6 ||    27
   Cast: Ensorcelled Hiber |    15 |    15 |    64 |   156 |   219 |   276 |   212 |    22 |    12 ||   991
         Confusing Touch   |       |     1 |    13 |    22 |    51 |    66 |   110 |    56 |   202 ||   521
         Tukima's Dance    |       |       |    16 |     4 |    13 |     9 |     1 |       |       ||    43
         Passwall          |       |       |       |       |       |    19 |     2 |       |    25 ||    46
         Apportation       |       |       |       |       |       |    18 |    76 |    19 |    36 ||   149
         Enfeeble          |       |       |       |       |       |    16 |    46 |    12 |    60 ||   134
         Dispersal         |       |       |       |       |       |       |     2 |       |       ||     2
         Passage of Golubr |       |       |       |       |       |       |    12 |     1 |    24 ||    37
         Discord           |       |       |       |       |       |       |       |    43 |   108 ||   151
         Yara's Violent Un |       |       |       |       |       |       |       |    16 |    26 ||    42
         Blink             |       |       |       |       |       |       |       |     1 |     9 ||    10
         Summon Horrible T |       |       |       |       |       |       |       |       |    32 ||    32
         Malign Gateway    |       |       |       |       |       |       |       |       |    30 ||    30
         Irradiate         |       |       |       |       |       |       |       |       |     7 ||     7
         Lee's Rapid Decon |       |       |       |       |       |       |       |       |     4 ||     4
 Invoke: Reject Sacrifices |       |       |     1 |       |       |       |       |       |       ||     1
         Oozemancy         |       |       |       |       |       |       |     3 |     1 |     2 ||     6
Ability: Begin Untransform |       |       |       |       |       |       |       |     2 |     8 ||    10
  Evoke: Wand              |       |       |       |     1 |     3 |     5 |    10 |     3 |    19 ||    41
         Sack of spiders   |       |       |       |       |       |       |     1 |       |     1 ||     2
         Condenser vane    |       |       |       |       |       |       |     1 |       |       ||     1
         Horn of Geryon    |       |       |       |       |       |       |       |       |     1 ||     1
    Use: Scroll            |       |     6 |     6 |     4 |     3 |    14 |    10 |     9 |    22 ||    74
         Potion            |       |       |       |       |     1 |     1 |     4 |     4 |    15 ||    25
   Stab: Sleeping          |    11 |    28 |    43 |   119 |   180 |   265 |   198 |    32 |    62 ||   938
         Confused          |       |     3 |    11 |    22 |    57 |    81 |   150 |    86 |   319 ||   729
         Distracted        |       |       |       |     1 |       |       |     3 |     1 |    47 ||    52
         Invisible         |       |       |       |       |    14 |    82 |    90 |    13 |   128 ||   327
         Held in net/web   |       |       |       |       |       |       |    16 |     4 |    15 ||    35
         Paralysed         |       |       |       |       |       |       |       |       |     2 ||     2
 Armour: Robe              |    36 |    27 |    57 |    48 |    46 |    95 |   135 |       |       ||   444
         Skin              |       |       |       |       |       |       |    93 |       |       ||    93
         Troll leather arm |       |       |       |       |       |       |    18 |    47 |   357 ||   422
  Dodge: Dodged            |   114 |    72 |   260 |   331 |   542 |   791 |  1091 |   306 |  2190 ||  5697
  Block: Buckler           |       |       |       |    36 |       |       |       |       |       ||    36
   Form: Death             |       |       |       |       |       |       |       |     3 |     8 ||    11

Table legend:
 A = Kills in this place as a percentage of kills in the entire game.
 B = Kills by you in this place as a percentage of kills by you in the entire game.
 C = Kills by friends in this place as a percentage of kills by friends in the entire game.
 D = Other kills in this place as a percentage of other kills in the entire game.
 E = Experience gained in this place as a percentage of experience gained in the entire game.
 F = Experience gained in this place divided by the number of levels of this place that you have seen.
                   A       B       C       D       E      F
               +-------+-------+-------+-------+-------+----------------------
         Total | 100.0 | 100.0 | 100.0 | 100.0 | 100.0 | 15496.9
       Dungeon |  12.7 |  17.7 |   1.0 |   4.4 |   3.3 | 4573.7
          Lair |   5.6 |   8.0 |   0.1 |   0.0 |   2.2 | 9190.4
        Shoals |   5.3 |   7.7 |   0.0 |   0.0 |   3.8 | 20188.8
     Snake Pit |   5.5 |   7.9 |   0.0 |   1.8 |   4.1 | 21771.5
  Orcish Mines |   4.5 |   6.4 |   0.3 |   0.9 |   1.2 | 12425.5
   Elven Halls |   4.1 |   6.0 |   0.0 |   0.0 |   4.4 | 31189.0
        Vaults |   7.5 |  10.6 |   0.5 |   0.9 |   9.5 | 40089.8
         Crypt |   5.9 |   7.5 |   2.4 |   2.7 |   5.5 | 38810.3
          Tomb |   5.2 |   1.5 |  14.1 |   9.7 |   5.7 | 40288.0
        Depths |   3.6 |   2.4 |   6.3 |   7.1 |   4.4 | 23405.2
          Hell |   2.0 |   1.7 |   2.4 |   3.5 |   1.9 | 39546.0
           Dis |   2.6 |   3.0 |   1.7 |   0.0 |   5.6 | 16962.3
       Gehenna |   3.9 |   4.6 |   1.9 |   4.4 |   6.9 | 29028.0
       Cocytus |   4.7 |   2.2 |  10.5 |   8.0 |   7.4 | 22368.1
      Tartarus |   1.8 |   1.6 |   2.1 |   1.8 |   4.3 | 12944.0
           Zot |   1.2 |   1.2 |   1.4 |   0.9 |   2.2 | 9183.2
         Abyss |   0.9 |   1.2 |   0.4 |   0.0 |   1.1 | 11709.0
   Pandemonium |   7.5 |   5.1 |  12.8 |  14.2 |   9.9 | 9047.0
      Ziggurat |  15.1 |   3.3 |  42.1 |  39.8 |  16.4 | 15706.2
      Gauntlet |   0.3 |   0.4 |   0.0 |   0.0 |   0.1 | 1843.0
               +-------+-------+-------+-------+-------+----------------------

Table legend: (Time is in decaauts)
 A = Elapsed time spent in this place.
 B = Non-inter-level travel time spent in this place.
 C = Inter-level travel time spent in this place.
 D = Time resting spent in this place.
 E = Time spent auto-exploring this place.
 F = Levels seen in this place.
 G = Mean time per level.
                   A        B        C        D        E       F      G
               +--------+--------+--------+--------+--------+-----+--------+
         Total |  27923 |  26643 |   1280 |    942 |   6332 | 136 |  205.3 |
       Dungeon |   8258 |   7624 |    634 |    474 |   3858 |  15 |  550.5 |
        Temple |     23 |     13 |     10 |      0 |      0 |   1 |   23.0 |
          Lair |   3081 |   2916 |    165 |      5 |   1885 |   5 |  616.2 |
        Shoals |   1171 |   1171 |      0 |      0 |      0 |   4 |  292.8 |
     Snake Pit |   1431 |   1362 |     69 |      0 |      0 |   4 |  357.8 |
    Slime Pits |    195 |    151 |     44 |      0 |      0 |   5 |   39.0 |
  Orcish Mines |   1670 |   1555 |    115 |    286 |    416 |   2 |  835.0 |
   Elven Halls |   1312 |   1312 |      0 |      0 |      0 |   3 |  437.3 |
        Vaults |   1702 |   1630 |     72 |      0 |      0 |   5 |  340.4 |
         Crypt |   1386 |   1218 |    168 |      0 |      0 |   3 |  462.0 |
          Tomb |    385 |    385 |      0 |      0 |      0 |   3 |  128.3 |
        Depths |    533 |    533 |      0 |      0 |      0 |   4 |  133.2 |
          Hell |    210 |    210 |      0 |      0 |      0 |   1 |  210.0 |
           Dis |    879 |    879 |      0 |    104 |      0 |   7 |  125.6 |
       Gehenna |    796 |    796 |      0 |      0 |      0 |   5 |  159.2 |
       Cocytus |    625 |    625 |      0 |      0 |      0 |   7 |   89.3 |
      Tartarus |    599 |    599 |      0 |     26 |      0 |   7 |   85.6 |
           Zot |    235 |    235 |      0 |      0 |      0 |   5 |   47.0 |
         Abyss |    192 |    192 |      0 |      0 |      0 |   2 |   96.0 |
   Pandemonium |   1818 |   1818 |      0 |     24 |      0 |  23 |   79.0 |
      Ziggurat |    989 |    989 |      0 |     22 |      0 |  22 |   45.0 |
      Ice Cave |     23 |     23 |      0 |      0 |      0 |   1 |   23.0 |
        Wizlab |      3 |      3 |      0 |      0 |      0 |   1 |    3.0 |
      Gauntlet |    396 |    396 |      0 |      0 |    171 |   1 |  396.0 |
               +--------+--------+--------+--------+--------+-----+--------+

Top non-repeatable levels by time:
   Orc:2: 1217 daAuts
     D:5: 895 daAuts
     D:7: 839 daAuts
 Crypt:3: 829 daAuts
     D:2: 784 daAuts
     D:4: 743 daAuts
     D:8: 711 daAuts
     D:9: 709 daAuts
   Dis:7: 694 daAuts
  Lair:5: 682 daAuts
  Lair:2: 637 daAuts
    D:10: 625 daAuts
  Lair:3: 618 daAuts
     D:3: 590 daAuts
  Lair:4: 581 daAuts
